Workbook

Sheet 平台消耗统计
A1: Week | B1: Date | C1: Adpingid | D1: 包名 | E1: 地区 | F1: 平台 | G1: 平台转化数量 | H1: CPI平台成本 | I1: 花费 | J1: 信用消耗金额
A2: =WEEKNUM(B2,2) -> 38 | B2: 46280 | C2: 10813123 | D2: com.amazon.mShop.android.shopping | E2: BR | F2: Bigo | G2: 80 | H2: 0.4163 | I2: 33.3017
A3: =WEEKNUM(B3,2) -> 38 | B3: 46280 | C3: 1745925 | D3: tech.jm | E3: RU | F3: MTG | G3: 479 | H3: 0.15 | I3: 71.85
A4: =WEEKNUM(B4,2) -> 38 | B4: 46280 | C4: 6951600 | D4: com.king.candycrushsodasaga | E4: TH | F4: MTG | G4: 83 | H4: 0.173 | I4: 14.348
A5: =WEEKNUM(B5,2) -> 38 | B5: 46280 | C5: 6951594 | D5: com.king.candycrushsodasaga | E5: DE | F5: MTG | G5: 187 | H5: 0.7 | I5: 130.9
A6: =WEEKNUM(B6,2) -> 38 | B6: 46280 | C6: 2732727 | D6: com.amazon.mShop.android.shopping | E6: SA | F6: MTG | G6: 360 | H6: 0.25 | I6: 89.925
A7: =WEEKNUM(B7,2) -> 38 | B7: 46280 | C7: 5619156 | D7: com.amazon.mShop.android.shopping | E7: SA | F7: Bigo | G7: 7 | H7: 0.399 | I7: 2.7915
A8: =WEEKNUM(B8,2) -> 38 | B8: 46280 | C8: 6425889 | D8: com.amazon.mShop.android.shopping | E8: ZA | F8: MTG | G8: 139 | H8: 0.253 | I8: 35.125
A9: =WEEKNUM(B9,2) -> 38 | B9: 46280 | C9: 6439005 | D9: com.amazon.mShop.android.shopping | E9: ZA | F9: Eagllwin | G9: 72 | H9: 0.25 | I9: 18
A10: =WEEKNUM(B10,2) -> 38 | B10: 46280 | C10: 7203110 | D10: com.fxpro.direct.application | E10: SY | F10: MTG | G10: 3 | H10: 0.2 | I10: 0.6
A11: =WEEKNUM(B11,2) -> 38 | B11: 46280 | C11: 7202934 | D11: com.fxpro.direct.application | E11: PK | F11: MTG | G11: 91 | H11: 0.35 | I11: 31.85
A12: =WEEKNUM(B12,2) -> 38 | B12: 46280 | C12: 5847496 | D12: com.amazon.mShop.android.shopping | E12: AE | F12: Bigo | G12: 2 | H12: 0.54 | I12: 1.0802
A13: =WEEKNUM(B13,2) -> 38 | B13: 46280 | C13: 7572369 | D13: com.amazon.mShop.android.shopping | E13: AE | F13: MTG | G13: 187 | H13: 0.304 | I13: 56.82
... A22: =WEEKNUM(B22,2) -> 38 | B22: 46280 | C22: 10501490 | D22: tech.jm | E22: RU | F22: MTG | G22: 9 | H22: 0.13 | I22: 1.17
A23: =WEEKNUM(B23,2) -> 38 | B23: 46280 | C23: 10912510 | D23: com.amazon.mShop.android.shopping | E23: BR | F23: Kwai | G23: 640 | H23: 0.23 | I23: 148.96 | J23: 148.959
A24: =WEEKNUM(B24,2) -> 38 | B24: 46280 | C24: 11080098 | D24: com.fxpro.direct.application | E24: PK | F24: MTG | G24: 0 | H24: 0 | I24: 0
A25: =WEEKNUM(B25,2) -> 38 | B25: 46280 | C25: 91540124 | D25: com.puzzlegames.puzzlebrickslegend | E25: US | F25: Bigo | G25: 22 | H25: 0.8 | I25: 17.5911
A26: =WEEKNUM(B26,2) -> 38 | B26: 46280 | C26: 91548042 | D26: tech.jm | E26: RU | F26: Bigo | G26: 50 | H26: 0.38 | I26: 19.0217
A27: =WEEKNUM(B27,2) -> 38 | B27: 46280 | C27: 11715627 | D27: com.esprit.rpg.cntrctfft | E27: RU | F27: MTG | G27: 0 | H27: 0 | I27: 0
A28: =WEEKNUM(B28,2) -> 38 | B28: 46280 | C28: 11715655 | D28: com.king.candycrushsodasaga | E28: BR | F28: MTG | G28: 0 | H28: 0 | I28: 0
A29: =WEEKNUM(B29,2) -> 38 | B29: 46280 | C29: 11715811 | D29: com.king.candycrushsodasaga | E29: TH | F29: MTG | G29: 0 | H29: 0 | I29: 0
A30: =WEEKNUM(B30,2) -> 38 | B30: 46280 | C30: 11729927 | D30: com.amazon.mShop.android.shopping | E30: ZA | F30: MTG | G30: 0 | H30: 0 | I30: 0
A31: =WEEKNUM(B31,2) -> 38 | B31: 46280 | C31: 11729820 | D31: com.amazon.mShop.android.shopping | E31: AE | F31: MTG | G31: 0 | H31: 0 | I31: 0
A32: =WEEKNUM(B32,2) -> 38 | B32: 46280 | C32: 11729830 | D32: com.amazon.mShop.android.shopping | E32: BR | F32: Bigo | G32: 0 | H32: 0 | I32: 0.0259
A33: =WEEKNUM(B33,2) -> 38 | B33: 46280 | C33: 11892329 | D33: com.amazon.mShop.android.shopping | E33: BR | F33: MTG | G33: 801 | H33: 0.22 | I33: 176.22
A34: =WEEKNUM(B34,2) -> 38 | B34: 46280 | C34: 91557162 | D34: com.olimpbk.app.bet | E34: RU | F34: Bigo | G34: 0 | H34: 0 | I34: 0
A35: =WEEKNUM(B35,2) -> 38 | B35: 46280 | C35: 91560708 | D35: com.king.candycrushsaga | E35: FR | F35: MTG | G35: 230 | H35: 0.09 | I35: 20.7
... A37: =WEEKNUM(B37,2) -> 38 | B37: 46280 | C37: 12064281 | D37: com.king.candycrushsodasaga | E37: DE | F37: MTG | G37: 1 | H37: 0.14 | I37: 0.14
A38: =WEEKNUM(B38,2) -> 38 | B38: 46280 | C38: 11987622 | D38: com.amazon.mShop.android.shopping | E38: BR | F38: Kwai | G38: 3 | H38: 0.19 | I38: 0.57 | J38: 0.565
A39: =WEEKNUM(B39,2) -> 38 | B39: 46280 | C39: 91565960 | D39: com.puzzlegames.puzzlebrickslegend | E39: US | F39: Bigo | G39: 3 | H39: 4.323 | I39: 12.9687
A40: =WEEKNUM(B40,2) -> 38 | B40: 46280 | C40: 6061077 | D40: ru.aliexpress.buyer | E40: RU | F40: MTG | G40: 5 | H40: 1.076 | I40: 5.379
A41: =WEEKNUM(B41,2) -> 38 | B41: 46280 | C41: 6607117 | D41: ru.aliexpress.buyer | E41: RU | F41: MTG | G41: 195 | H41: 0.559 | I41: 109.095
A42: =WEEKNUM(B42,2) -> 38 | B42: 46280 | C42: 5497580 | D42: com.king.candycrushsaga | E42: TH | F42: MTG | G42: 1351 | H42: 0.252 | I42: 340.724
A43: =WEEKNUM(B43,2) -> 38 | B43: 46280 | C43: 91407542 | D43: com.king.candycrushsaga | E43: ID | F43: MTG | G43: 298 | H43: 0.021 | I43: 6.114
A44: =WEEKNUM(B44,2) -> 38 | B44: 46280 | C44: 8998645 | D44: com.king.candycrushsaga | E44: TH | F44: MTG | G44: 10 | H44: 0.612 | I44: 6.12
A45: =WEEKNUM(B45,2) -> 38 | B45: 46280 | C45: 4383473 | D45: ru.aliexpress.buyer | E45: RU | F45: MTG | G45: 150 | H45: 0.206 | I45: 30.942
A46: =WEEKNUM(B46,2) -> 38 | B46: 46280 | C46: 8094753 | D46: ru.aliexpress.buyer | E46: RU | F46: Mediago | G46: 371 | H46: 0.44 | I46: 164.99
A47: =WEEKNUM(B47,2) -> 38 | B47: 46280 | C47: 9415350 | D47: com.notissimus.allinstruments.android | E47: RU | F47: Mediago | G47: 33 | H47: 0.33 | I47: 10.81
A48: =WEEKNUM(B48,2) -> 38 | B48: 46280 | C48: 2783561 | D48: com.uma.musicvk | E48: RU | F48: MTG | G48: 415 | H48: 0.103 | I48: 42.66
A49: =WEEKNUM(B49,2) -> 38 | B49: 46280 | C49: 10599157 | D49: com.edadeal.android | E49: RU | F49: MTG | G49: 96 | H49: 0.309 | I49: 29.65
A50: =WEEKNUM(B50,2) -> 38 | B50: 46280 | C50: 10599681 | D50: ru.kinopoisk | E50: RU | F50: MTG | G50: 237 | H50: 0.13 | I50: 30.81
... A66: =WEEKNUM(B66,2) -> 38 | B66: 46280 | C66: 91399821 | D66: ru.kinopoisk | E66: RU | F66: Mediago | G66: 267 | H66: 0.03 | I66: 7.38
A67: =WEEKNUM(B67,2) -> 38 | B67: 46280 | C67: 8670368 | D67: com.king.candycrushsodasaga | E67: BR | F67: Kwai | G67: 4 | H67: 0.1 | I67: 0.42 | J67: 0
A68: =WEEKNUM(B68,2) -> 38 | B68: 46280 | C68: 10514860 | D68: com.esprit.rpg.lttlefirykng | E68: RU | F68: MTG | G68: 65 | H68: 0.655 | I68: 42.6
A69: =WEEKNUM(B69,2) -> 38 | B69: 46280 | C69: 91532857 | D69: com.reefgames.fabletown | E69: RU | F69: Bigo | G69: 50 | H69: 0.177 | I69: 8.8457
A70: =WEEKNUM(B70,2) -> 38 | B70: 46280 | C70: 91534913 | D70: com.qookkagames.xczyw.gp.hk | E70: HK | F70: MTG | G70: 1 | H70: 1 | I70: 1
A71: =WEEKNUM(B71,2) -> 38 | B71: 46280 | C71: 91533906 | D71: com.sialiagames.xczyw.gp.tw | E71: TW | F71: MTG | G71: 0 | H71: 0 | I71: 0
A72: =WEEKNUM(B72,2) -> 38 | B72: 46280 | C72: 91545519 | D72: com.vuclip.viu | E72: MY | F72: MTG | G72: 50 | H72: 0.2 | I72: 10
A73: =WEEKNUM(B73,2) -> 38 | B73: 46280 | C73: 91551388 | D73: com.netease.newspike | E73: US | F73: Bigo | G73: 27 | H73: 0.486 | I73: 13.1135
A74: =WEEKNUM(B74,2) -> 38 | B74: 46280 | C74: 91565948 | D74: com.reefgames.fabletown | E74: RU | F74: Bigo | G74: 4 | H74: 0.218 | I74: 0.8713
A75: =WEEKNUM(B75,2) -> 38 | B75: 46280 | C75: 91550293 | D75: net.peakgames.Yuzbir | E75: TR | F75: MTG | G75: 38 | H75: 0.35 | I75: 13.3
A76: =WEEKNUM(B76,2) -> 38 | B76: 46280 | C76: 9333145 | D76: com.gloriajeans.mobile | E76: RU | F76: Mediago | G76: 188 | H76: 0.52 | I76: 98.05
A77: =WEEKNUM(B77,2) -> 38 | B77: 46280 | C77: 91557347 | D77: robot.zaimer.ru | E77: RU | F77: MTG | G77: 25 | H77: 0.8 | I77: 20
A78: =WEEKNUM(B78,2) -> 38 | B78: 46280 | C78: 12115625 | D78: ru.zhuck.webapp | E78: RU | F78: MTG | G78: 0 | H78: 0 | I78: 0
A79: =WEEKNUM(B79,2) -> 38 | B79: 46280 | C79: 91564897 | D79: com.puzzlegames.puzzlebrickslegend | E79: TR | F79: MTG | G79: 0 | H79: 0 | I79: 0
... A82: =WEEKNUM(B82,2) -> 38 | B82: 46280 | C82: 12304863 | D82: ru.zhuck.webapp | E82: RU | F82: Mediago | G82: 0 | H82: 0 | I82: 0.12
A83: =WEEKNUM(B83,2) -> 38 | B83: 46280 | C83: 91565968 | E83: MY | F83: Bigo | G83: 0 | H83: 0 | I83: 5.9756
A84: =WEEKNUM(B84,2) -> 38 | B84: 46280 | C84: 91565967 | E84: TH | F84: Bigo | G84: 0 | H84: 0 | I84: 12.3676
A85: =WEEKNUM(B85,2) -> 38 | B85: 46280 | C85: 91565966 | E85: PH | F85: Bigo | G85: 0 | H85: 0 | I85: 11.1248
A86: =WEEKNUM(B86,2) -> 38 | B86: 46280 | C86: 91565965 | E86: ID | F86: Bigo | G86: 0 | H86: 0 | I86: 4.6184
A87: =WEEKNUM(B87,2) -> 38 | B87: 46280 | C87: 91565964 | E87: MY | F87: Bigo | G87: 0 | H87: 0 | I87: 0.154
A88: =WEEKNUM(B88,2) -> 38 | B88: 46280 | C88: 91565963 | E88: TH | F88: Bigo | G88: 0 | H88: 0 | I88: 0.3248
A89: =WEEKNUM(B89,2) -> 38 | B89: 46280 | C89: 91565962 | E89: PH | F89: Bigo | G89: 0 | H89: 0 | I89: 1.63
A90: =WEEKNUM(B90,2) -> 38 | B90: 46280 | C90: 91565961 | E90: ID | F90: Bigo | G90: 0 | H90: 0 | I90: 1.8304
A91: =WEEKNUM(B91,2) -> 38 | B91: 46280 | C91: 91399439 | D91: com.kotak811mobilebankingapp.instantsavingsupiscanandpayrecharge | E91: IN | F91: MTG | G91: 4 | H91: 0.1 | I91: 0.4
A92: =WEEKNUM(B92,2) -> 38 | B92: 46280 | C92: 91399437 | D92: com.transferwise.android | E92: PH | F92: MTG | G92: 50 | H92: 0.15 | I92: 7.5
A93: =WEEKNUM(B93,2) -> 38 | B93: 46280 | C93: 5556054 | D93: com.krom.android | E93: ID | F93: MTG | G93: 1 | H93: 0.75 | I93: 0.75
A94: =WEEKNUM(B94,2) -> 38 | B94: 46280 | C94: 8628042 | D94: asrtum.ent.domovyata | E94: RU | F94: Mediago | G94: 453 | H94: 0.36 | I94: 163.2
A95: =WEEKNUM(B95,2) -> 38 | B95: 46280 | C95: 9297014 | D95: tech.jm | E95: RU | F95: Mediago | G95: 296 | H95: 0.17 | I95: 50.06
A96: =WEEKNUM(B96,2) -> 38 | B96: 46280 | C96: 7815836 | D96: com.kwai.bulldog | E96: ID | F96: MTG | G96: 3599 | H96: 0.099 | I96: 356.475
A97: =WEEKNUM(B97,2) -> 38 | B97: 46280 | C97: 8312006 | D97: ru.uteka.app | E97: RU | F97: MTG | G97: 20 | H97: 0.12 | I97: 2.4
A98: =WEEKNUM(B98,2) -> 38 | B98: 46280 | C98: 91467820 | D98: com.vitastudio.mahjong | E98: ID | F98: MTG | G98: 267 | H98: 0.1 | I98: 26.7
A99: =WEEKNUM(B99,2) -> 38 | B99: 46280 | C99: 91467821 | D99: com.vitastudio.mahjong | E99: TH | F99: MTG | G99: 100 | H99: 0.17 | I99: 17
A100: =WEEKNUM(B100,2) -> 38 | B100: 46280 | C100: 10295313 | D100: ru.uteka.app | E100: RU | F100: MTG | G100: 0 | H100: 0 | I100: 0
A101: =WEEKNUM(B101,2) -> 38 | B101: 46280 | C101: 91496145 | D101: com.vitastudio.mahjong | E101: PH | F101: MTG | G101: 50 | H101: 0.15 | I101: 7.5
A102: =WEEKNUM(B102,2) -> 38 | B102: 46280 | C102: 91496146 | D102: com.vitastudio.mahjong | E102: MY | F102: MTG | G102: 93 | H102: 0.14 | I102: 13.02
... A169: =WEEKNUM(B169,2) -> 38 | B169: 46279 | C169: 10501490 | D169: tech.jm | E169: RU | F169: MTG | G169: 15 | H169: 0.13 | I169: 1.95
A170: =WEEKNUM(B170,2) -> 38 | B170: 46279 | C170: 10912510 | D170: com.amazon.mShop.android.shopping | E170: BR | F170: Kwai | G170: 820 | H170: 0.22 | I170: 183.06 | J170: 183.056
A171: =WEEKNUM(B171,2) -> 38 | B171: 46279 | C171: 11080098 | D171: com.fxpro.direct.application | E171: PK | F171: MTG | G171: 1 | H171: 0.6 | I171: 0.6
A172: =WEEKNUM(B172,2) -> 38 | B172: 46279 | C172: 91540124 | D172: com.puzzlegames.puzzlebrickslegend | E172: US | F172: Bigo | G172: 16 | H172: 0.693 | I172: 11.0932
A173: =WEEKNUM(B173,2) -> 38 | B173: 46279 | C173: 91548042 | D173: tech.jm | E173: RU | F173: Bigo | G173: 50 | H173: 0.352 | I173: 17.586
A174: =WEEKNUM(B174,2) -> 38 | B174: 46279 | C174: 91548043 | D174: com.king.candycrushsaga | E174: FR | F174: MTG | G174: 208 | H174: 0.1 | I174: 20.8
A175: =WEEKNUM(B175,2) -> 38 | B175: 46279 | C175: 11715627 | D175: com.esprit.rpg.cntrctfft | E175: RU | F175: MTG | G175: 0 | H175: 0 | I175: 0
A176: =WEEKNUM(B176,2) -> 38 | B176: 46279 | C176: 11715655 | D176: com.king.candycrushsodasaga | E176: BR | F176: MTG | G176: 1 | H176: 0.15 | I176: 0.15
A177: =WEEKNUM(B177,2) -> 38 | B177: 46279 | C177: 11715811 | D177: com.king.candycrushsodasaga | E177: TH | F177: MTG | G177: 0 | H177: 0 | I177: 0
A178: =WEEKNUM(B178,2) -> 38 | B178: 46279 | C178: 11729927 | D178: com.amazon.mShop.android.shopping | E178: ZA | F178: MTG | G178: 0 | H178: 0 | I178: 0
A179: =WEEKNUM(B179,2) -> 38 | B179: 46279 | C179: 11729820 | D179: com.amazon.mShop.android.shopping | E179: AE | F179: MTG | G179: 0 | H179: 0 | I179: 0
A180: =WEEKNUM(B180,2) -> 38 | B180: 46279 | C180: 11729830 | D180: com.amazon.mShop.android.shopping | E180: BR | F180: Bigo | G180: 0 | H180: 0 | I180: 0
A181: =WEEKNUM(B181,2) -> 38 | B181: 46279 | C181: 11892329 | D181: com.amazon.mShop.android.shopping | E181: BR | F181: MTG | G181: 293 | H181: 0.22 | I181: 64.44
A182: =WEEKNUM(B182,2) -> 38 | B182: 46279 | C182: 91557161 | D182: ru.betboom.android | E182: RU | F182: Bigo | G182: 0 | H182: 0 | I182: 0.0009
... A186: =WEEKNUM(B186,2) -> 38 | B186: 46279 | C186: 12064281 | D186: com.king.candycrushsodasaga | E186: DE | F186: MTG | G186: 0 | H186: 0 | I186: 0
A187: =WEEKNUM(B187,2) -> 38 | B187: 46279 | C187: 11987622 | D187: com.amazon.mShop.android.shopping | E187: BR | F187: Kwai | G187: 6 | H187: 0.56 | I187: 3.37 | J187: 3.366
A188: =WEEKNUM(B188,2) -> 38 | B188: 46279 | C188: 6061077 | D188: ru.aliexpress.buyer | E188: RU | F188: MTG | G188: 3 | H188: 0.699 | I188: 2.096
A189: =WEEKNUM(B189,2) -> 38 | B189: 46279 | C189: 6607117 | D189: ru.aliexpress.buyer | E189: RU | F189: MTG | G189: 202 | H189: 0.686 | I189: 138.577
A190: =WEEKNUM(B190,2) -> 38 | B190: 46279 | C190: 5497580 | D190: com.king.candycrushsaga | E190: TH | F190: MTG | G190: 1183 | H190: 0.255 | I190: 302.109
A191: =WEEKNUM(B191,2) -> 38 | B191: 46279 | C191: 91407542 | D191: com.king.candycrushsaga | E191: ID | F191: MTG | G191: 496 | H191: 0.02 | I191: 10.07
A192: =WEEKNUM(B192,2) -> 38 | B192: 46279 | C192: 8998645 | D192: com.king.candycrushsaga | E192: TH | F192: MTG | G192: 18 | H192: 0.213 | I192: 3.827
A193: =WEEKNUM(B193,2) -> 38 | B193: 46279 | C193: 4383473 | D193: ru.aliexpress.buyer | E193: RU | F193: MTG | G193: 150 | H193: 0.194 | I193: 29.106
A194: =WEEKNUM(B194,2) -> 38 | B194: 46279 | C194: 8094753 | D194: ru.aliexpress.buyer | E194: RU | F194: Mediago | G194: 372 | H194: 0.28 | I194: 104.48
A195: =WEEKNUM(B195,2) -> 38 | B195: 46279 | C195: 9415350 | D195: com.notissimus.allinstruments.android | E195: RU | F195: Mediago | G195: 31 | H195: 0.2 | I195: 6.23
...

Sheet 优化师维度统计
A1: 日期 | B1: 投放人 | C1: Adpingid | D1: 包名 | E1: 地区 | F1: 平台 | G1: 单价 | H1: Daily install cap | I1: Weekly budget | J1: 时段 | K1: 展示 | L1: 点击 | M1: 转化 | N1: CPC | O1: CPI | P1: 花费 | Q1: cap达成率
A2: 每日汇总 | B2: 周三 | K2: =SUM(K3:K443) -> 1675793 | L2: =SUM(L3:L443) -> 281886 | P2: =SUM(P3:P443) -> 653.2697
A3: 46281 | B3: 黄政 | C3: 10813123 | D3: com.amazon.mShop.android.shopping | E3: BR | F3: Bigo | G3: 0.25 | H3: 1000 | I3: =G3*H3*7 -> 1750 | J3: 截止10点 | K3: 19878 | L3: 1632 | M3: 4 | N3: 0.001 | O3: 0.448 | P3: 1.7928 | Q3: =M5/H3 -> 0
J4: 截止18点
J5: 截止24点
C6: 1745925 | D6: tech.jm | E6: RU | F6: MTG | G6: 0.15 | H6: 500 | I6: =G6*H6*7 -> 525 | J6: 截止10点 | K6: 876 | L6: 456 | M6: 0 | N6: 0 | O6: 0 | P6: 0 | Q6: =M8/H6 -> 0
J7: 截止18点
J8: 截止24点
C9: 6951600 | D9: com.king.candycrushsodasaga | E9: TH | F9: MTG | G9: 0.17 | H9: 100 | I9: =G9*H9*7 -> 119 | J9: 截止10点 | K9: 764 | L9: 47 | M9: 0 | N9: 0 | O9: 0 | P9: 0 | Q9: =M11/H9 -> 0
J10: 截止18点
J11: 截止24点
C12: 6951594 | D12: com.king.candycrushsodasaga | E12: DE | F12: MTG | G12: 0.7 | H12: 400 | I12: =G12*H12*7 -> 1960 | J12: 截止10点 | K12: 876 | L12: 321 | M12: 0 | N12: 0 | O12: 0 | P12: 0 | Q12: =M14/H12 -> 0
J13: 截止18点
J14: 截止24点
C15: 2732727 | D15: com.amazon.mShop.android.shopping | E15: SA | F15: MTG | G15: 0.25 | H15: 1000 | I15: =G15*H15*7 -> 1750 | J15: 截止10点 | K15: 567 | L15: 73 | M15: 0 | N15: 0 | O15: 0 | P15: 0 | Q15: =M17/H15 -> 0
J16: 截止18点
J17: 截止24点
C18: 5619156 | D18: com.amazon.mShop.android.shopping | E18: SA | F18: Bigo | G18: 0.24 | H18: 500 | I18: =G18*H18*7 -> 840 | J18: 截止10点 | K18: 2032 | L18: 383 | M18: 0 | N18: 0 | O18: 0 | P18: 0.1004 | Q18: =M20/H18 -> 0
J19: 截止18点
J20: 截止24点
C21: 6425889 | D21: com.amazon.mShop.android.shopping | E21: ZA | F21: MTG | G21: 0.25 | H21: 400 | I21: =G21*H21*7 -> 700 | J21: 截止10点 | K21: 482 | L21: 76 | M21: 0 | N21: 0 | O21: 0 | P21: 0 | Q21: 0.003
J22: 截止18点
J23: 截止24点
C24: 6439005 | D24: com.amazon.mShop.android.shopping | E24: ZA | F24: Eagllwin | G24: 0.25 | H24: 300 | I24: =G24*H24*7 -> 525 | J24: 截止10点 | K24: 0 | L24: 0 | M24: 0 | N24: 0 | O24: 0 | P24: 0 | Q24: =M26/H24 -> 0
J25: 截止18点
J26: 截止24点
C27: 7203110 | D27: com.fxpro.direct.application | E27: SY | F27: MTG | G27: 0.2 | H27: 100 | I27: =G27*H27*7 -> 140 | J27: 截止10点 | K27: 478 | L27: 213 | M27: 0 | N27: 0 | O27: 0 | P27: 0 | Q27: =M29/H27 -> 0
J28: 截止18点
J29: 截止24点
C30: 7202934 | D30: com.fxpro.direct.application | E30: PK | F30: MTG | G30: 0.35 | H30: 200 | I30: =G30*H30*7 -> 490 | J30: 截止10点 | K30: 876 | L30: 456 | M30: 0 | N30: 0 | O30: 0 | P30: 0 | Q30: 0
J31: 截止18点
J32: 截止24点
C33: 5847496 | D33: com.amazon.mShop.android.shopping | E33: AE | F33: Bigo | G33: 0.3 | H33: 200 | I33: =G33*H33*7 -> 420 | J33: 截止10点 | K33: 538 | L33: 26 | M33: 0 | N33: 0 | O33: 0 | P33: 0.037 | Q33: =M35/H33 -> 0
J34: 截止18点
J35: 截止24点
C36: 7572369 | D36: com.amazon.mShop.android.shopping | E36: AE | F36: MTG | G36: 0.3 | H36: 400 | I36: =G36*H36*7 -> 840 | J36: 截止10点 | K36: 942 | L36: 278 | M36: 0 | N36: 0 | O36: 0 | P36: 0 | Q36: =M38/H36 -> 0
J37: 截止18点
J38: 截止24点
C39: 8460883 | D39: com.king.candycrushsodasaga | E39: BR | F39: MTG | G39: 0.14 | H39: 1400 | I39: =G39*H39*7 -> 1372 | J39: 截止10点 | K39: 9050 | L39: 2936 | M39: 95 | N39: 0.005 | O39: 0.141 | P39: 13.398 | Q39: =M41/H39 -> 0
J40: 截止18点
J41: 截止24点
C42: 8531973 | D42: com.king.candycrushsodasaga | E42: DE | F42: Mediago | G42: 0.45 | H42: 150 | I42: =G42*H42*7 -> 472.5 | J42: 截止10点 | K42: 0 | L42: 0 | M42: 0 | N42: 0 | O42: 0 | P42: 0 | Q42: =M44/H42 -> 0
J43: 截止18点
J44: 截止24点
C45: 8156506 | D45: com.yandex.lavka | E45: RU | F45: MTG | G45: 0.13 | H45: 1000 | I45: =G45*H45*7 -> 910 | J45: 截止10点 | K45: 878 | L45: 98 | M45: 0 | N45: 0 | O45: 0 | P45: 0 | Q45: =M47/H45 -> 0
J46: 截止18点
J47: 截止24点
C48: 8819666 | D48: com.yandex.lavka | E48: RU | F48: Bigo | G48: 0.08 | H48: 200 | I48: =G48*H48*7 -> 112 | J48: 截止10点 | K48: 186 | L48: 37 | M48: 0 | N48: 0 | O48: 0 | P48: 0.1807 | Q48: =M50/H48 -> 0
J49: 截止18点
J50: 截止24点
C51: 91410799 | D51: com.king.candycrushsaga | E51: IN | F51: MTG | G51: 0.02 | H51: 500 | I51: =G51*H51*7 -> 70 | J51: 截止10点 | K51: 876 | L51: 86 | M51: 0 | N51: 0 | O51: 0 | P51: 0 | Q51: =M53/H51 -> 0
J52: 截止18点
J53: 截止24点
C54: 7872826 | D54: asrtum.ent.domovyata | E54: RU | F54: MTG | G54: 0.48 | H54: 100 | I54: =G54*H54*7 -> 336 | J54: 截止10点 | K54: 321 | L54: 46 | M54: 0 | N54: 0 | O54: 0 | P54: 0 | Q54: =M56/H54 -> 0
J55: 截止18点
J56: 截止24点
C57: 9311355 | D57: com.esprit.rpg.cntrctfft | E57: RU | F57: MTG | G57: 0.15 | H57: 20 | I57: =G57*H57*7 -> 21 | J57: 截止10点 | K57: 3 | L57: 0 | M57: 0 | N57: 0 | O57: 0 | P57: 0 | Q57: =M59/H57 -> 0
J58: 截止18点
J59: 截止24点
C60: 12114239 | D60: com.yandex.lavka | E60: RU | F60: Mediago | G60: 0.2 | H60: 100 | I60: =G60*H60*7 -> 140 | J60: 截止10点 | K60: 0 | L60: 0 | M60: 0 | N60: 0 | O60: 0 | P60: 0 | Q60: =M62/H60 -> 0
J61: 截止18点
J62: 截止24点
C63: 10501490 | D63: tech.jm | E63: RU | F63: MTG | G63: 0.15 | H63: 100 | I63: =G63*H63*7 -> 105 | J63: 截止10点 | K63: 0 | L63: 0 | M63: 0 | N63: 0 | O63: 0 | P63: 0 | Q63: =M65/H63 -> 0
J64: 截止18点
J65: 截止24点
C66: 10912510 | D66: com.amazon.mShop.android.shopping | E66: BR | F66: Kwai | G66: 0.17 | H66: 1500 | I66: =G66*H66*7 -> 1785 | J66: 截止10点 | K66: 6553 | L66: 1934 | M66: 69 | N66: 0.01 | O66: 0.23 | P66: 16.04 | Q66: =M68/H66 -> 0
J67: 截止18点
J68: 截止24点
C69: 11080098 | D69: com.fxpro.direct.application | E69: PK | F69: MTG | G69: 0.6 | H69: 100 | I69: =G69*H69*7 -> 420 | J69: 截止10点 | K69: 0 | L69: 0 | M69: 0 | N69: 0 | O69: 0 | P69: 0 | Q69: =M71/H69 -> 0
J70: 截止18点
J71: 截止24点
C72: 91540124 | D72: com.puzzlegames.puzzlebrickslegend | E72: US | F72: Bigo | G72: 0.5 | H72: 50 | I72: =G72*H72*7 -> 175 | J72: 截止10点 | K72: 0 | L72: 0 | M72: 0 | N72: 0 | O72: 0 | P72: 0 | Q72: =M74/H72 -> 0
J73: 截止18点
J74: 截止24点
C75: 91548042 | D75: tech.jm | E75: RU | F75: Bigo | G75: 0.2 | H75: 50 | I75: =G75*H75*7 -> 70 | J75: 截止10点 | K75: 1771 | L75: 88 | M75: 3 | N75: 0.009 | O75: 0.268 | P75: 0.8039 | Q75: =M77/H75 -> 0
J76: 截止18点
J77: 截止24点
C78: 11715627 | D78: com.esprit.rpg.cntrctfft | E78: RU | F78: MTG | G78: 0.4 | H78: 100 | I78: =G78*H78*7 -> 280 | J78: 截止10点 | K78: 0 | L78: 0 | M78: 0 | N78: 0 | O78: 0 | P78: 0 | Q78: =M80/H78 -> 0
J79: 截止18点
J80: 截止24点
C81: 11715655 | D81: com.king.candycrushsodasaga | E81: BR | F81: MTG | G81: 0.15 | H81: 100 | I81: =G81*H81*7 -> 105 | J81: 截止10点 | K81: 0 | L81: 0 | M81: 0 | N81: 0 | O81: 0 | P81: 0 | Q81: =M83/H81 -> 0
J82: 截止18点
J83: 截止24点
C84: 11715811 | D84: com.king.candycrushsodasaga | E84: TH | F84: MTG | G84: 0.17 | H84: 100 | I84: =G84*H84*7 -> 119 | J84: 截止10点 | K84: 0 | L84: 0 | M84: 0 | N84: 0 | O84: 0 | P84: 0 | Q84: =M86/H84 -> 0
J85: 截止18点
J86: 截止24点
C87: 11729927 | D87: com.amazon.mShop.android.shopping | E87: ZA | F87: MTG | G87: 0.25 | H87: 100 | I87: =G87*H87*7 -> 175 | J87: 截止10点 | K87: 0 | L87: 0 | M87: 0 | N87: 0 | O87: 0 | P87: 0 | Q87: =M89/H87 -> 0
J88: 截止18点
J89: 截止24点
C90: 11729820 | D90: com.amazon.mShop.android.shopping | E90: AE | F90: MTG | G90: 0.3 | H90: 100 | I90: =G90*H90*7 -> 210 | J90: 截止10点 | K90: 0 | L90: 0 | M90: 0 | N90: 0 | O90: 0 | P90: 0 | Q90: =M92/H90 -> 0
J91: 截止18点
J92: 截止24点
C93: 11729830 | D93: com.amazon.mShop.android.shopping | E93: BR | F93: Bigo | G93: 0.17 | H93: 100 | I93: =G93*H93*7 -> 119 | J93: 截止10点 | K93: 0 | L93: 0 | M93: 0 | N93: 0 | O93: 0 | P93: 0 | Q93: =M95/H93 -> 0
J94: 截止18点
J95: 截止24点
C96: 11892329 | D96: com.amazon.mShop.android.shopping | E96: BR | F96: MTG | G96: 0.25 | H96: 800 | I96: =G96*H96*7 -> 1400 | J96: 截止10点 | K96: 11705 | L96: 4872 | M96: 3 | N96: 0 | O96: 0.22 | P96: 0.66 | Q96: =M98/H96 -> 0
J97: 截止18点
J98: 截止24点
C99: 91557162 | D99: com.olimpbk.app.bet | E99: RU | F99: Bigo | G99: 0.2 | H99: 333 | I99: =G99*H99*7 -> 466.2 | J99: 截止10点 | K99: 0 | L99: 0 | M99: 0 | N99: 0 | O99: 0 | P99: 0 | Q99: =M101/H99 -> 0
J100: 截止18点
...

Sheet Playable素材统计
A1: 日期 | B1: 投放人 | C1: Adpingid | D1: 包名 | E1: 地区 | F1: 平台 | G1: 单价 | H1: Daily install cap | I1: Weekly budget | J1: 时段 | K1: 展示 | L1: 点击 | M1: 转化 | N1: CPC | O1: CPI | P1: 花费 | Q1: cap达成率 | S1: CTR | T1: CVR
A2: 每日汇总 | B2: 周三 | K2: =SUM(K3:K6) -> 0 | L2: =SUM(L3:L6) -> 0 | P2: =SUM(P3:P6) -> 0
A3: 46281 | B3: 万科 | C3: 8998645 | D3: com.king.candycrushsaga | E3: TH | F3: MTG | G3: 0.28 | H3: 200 | I3: =G3*H3*7 -> 392 | J3: 截止24点 | Q3: =M3/H3 -> 0 | S3: =IFERROR(L3/K3,0) -> 0 | T3: =IFERROR(M3/L3,0) -> 0
C4: 5497580 | D4: com.king.candycrushsaga | E4: TH | F4: MTG | G4: 0.28 | H4: 1300 | I4: =G4*H4*7 -> 2548 | J4: 截止24点 | Q4: =M4/H4 -> 0 | S4: =IFERROR(L4/K4,0) -> 0 | T4: =IFERROR(M4/L4,0) -> 0
C5: 91407542 | D5: com.king.candycrushsaga | E5: ID | F5: MTG | G5: 0.02 | H5: 600 | I5: =G5*H5*7 -> 84 | J5: 截止24点 | Q5: =M5/H5 -> 0 | S5: =IFERROR(L5/K5,0) -> 0 | T5: =IFERROR(M5/L5,0) -> 0
B6: 黄政 | C6: 6951594 | D6: com.king.candycrushsodasaga | E6: DE | F6: MTG | G6: 0.6 | H6: 250 | I6: =G6*H6*7 -> 1050 | J6: 截止24点 | Q6: =M6/H6 -> 0 | S6: =IFERROR(L6/K6,0) -> 0 | T6: =IFERROR(M6/L6,0) -> 0
A8: 每日汇总 | B8: 周二 | K8: =SUM(K9:K12) -> 173027 | L8: =SUM(L9:L12) -> 100653 | P8: =SUM(P9:P12) -> 247.504
A9: 46280 | B9: 万科 | C9: 8998645 | D9: com.king.candycrushsaga | E9: TH | F9: MTG | G9: 0.28 | H9: 200 | I9: =G9*H9*7 -> 392 | J9: 截止24点 | K9: 210 | L9: 75 | M9: 0 | N9: 0 | O9: 0 | P9: 0 | Q9: =M9/H9 -> 0 | S9: =IFERROR(L9/K9,0) -> 0.35714286 | T9: =IFERROR(M9/L9,0) -> 0
C10: 5497580 | D10: com.king.candycrushsaga | E10: TH | F10: MTG | G10: 0.28 | H10: 1300 | I10: =G10*H10*7 -> 2548 | J10: 截止24点 | K10: 106336 | L10: 59347 | M10: 769 | N10: 0.003 | O10: 0.252 | P10: 193.744 | Q10: =M10/H10 -> 0.59153846 | S10: =IFERROR(L10/K10,0) -> 0.55810826 | T10: =IFERROR(M10/L10,0) -> 0.01295769
C11: 91407542 | D11: com.king.candycrushsaga | E11: ID | F11: MTG | G11: 0.02 | H11: 600 | I11: =G11*H11*7 -> 84 | J11: 截止24点 | K11: 26074 | L11: 15848 | M11: 126 | N11: 0 | O11: 0.021 | P11: 2.66 | Q11: =M11/H11 -> 0.21 | S11: =IFERROR(L11/K11,0) -> 0.60780854 | T11: =IFERROR(M11/L11,0) -> 0.00795053
B12: 黄政 | C12: 6951594 | D12: com.king.candycrushsodasaga | E12: DE | F12: MTG | G12: 0.6 | H12: 250 | I12: =G12*H12*7 -> 1050 | J12: 截止24点 | K12: 40407 | L12: 25383 | M12: 73 | N12: 0.002 | O12: 0.7 | P12: 51.1 | Q12: =M12/H12 -> 0.292 | S12: =IFERROR(L12/K12,0) -> 0.62818324 | T12: =IFERROR(M12/L12,0) -> 0.0028759406
A14: 每日汇总 | B14: 周一 | K14: =SUM(K15:K18) -> 101690 | L14: =SUM(L15:L18) -> 60647 | P14: =SUM(P15:P18) -> 266.66
A15: 46279 | B15: 万科 | C15: 8998645 | D15: com.king.candycrushsaga | E15: TH | F15: MTG | G15: 0.28 | H15: 200 | I15: =G15*H15*7 -> 392 | J15: 截止24点 | K15: 113 | L15: 55 | M15: 3 | N15: 0.009 | O15: 0.159 | P15: 0.478 | Q15: =M15/H15 -> 0.015 | S15: =IFERROR(L15/K15,0) -> 0.48672566 | T15: =IFERROR(M15/L15,0) -> 0.054545455
C16: 5497580 | D16: com.king.candycrushsaga | E16: TH | F16: MTG | G16: 0.28 | H16: 1300 | I16: =G16*H16*7 -> 2548 | J16: 截止24点 | K16: 44523 | L16: 23648 | M16: 717 | N16: 0.008 | O16: 0.256 | P16: 183.782 | Q16: =M16/H16 -> 0.55153846 | S16: =IFERROR(L16/K16,0) -> 0.53114121 | T16: =IFERROR(M16/L16,0) -> 0.030319689
C17: 91407542 | D17: com.king.candycrushsaga | E17: ID | F17: MTG | G17: 0.02 | H17: 600 | I17: =G17*H17*7 -> 84 | J17: 截止24点 | K17: 18141 | L17: 11783 | M17: 231 | N17: 0 | O17: 0.02 | P17: 4.7 | Q17: =M17/H17 -> 0.385 | S17: =IFERROR(L17/K17,0) -> 0.64952318 | T17: =IFERROR(M17/L17,0) -> 0.019604515
B18: 黄政 | C18: 6951594 | D18: com.king.candycrushsodasaga | E18: DE | F18: MTG | G18: 0.6 | H18: 250 | I18: =G18*H18*7 -> 1050 | J18: 截止24点 | K18: 38913 | L18: 25161 | M18: 111 | N18: 0.003 | O18: 0.7 | P18: 77.7 | Q18: =M18/H18 -> 0.444 | S18: =IFERROR(L18/K18,0) -> 0.64659625 | T18: =IFERROR(M18/L18,0) -> 0.0044115894
A20: 每日汇总 | B20: 周日 | K20: =SUM(K21:K24) -> 151876 | L20: =SUM(L21:L24) -> 90316 | P20: =SUM(P21:P24) -> 286.476
A21: 46278 | B21: 万科 | C21: 8998645 | D21: com.king.candycrushsaga | E21: TH | F21: MTG | G21: 0.28 | H21: 200 | I21: =G21*H21*7 -> 392 | J21: 截止24点 | K21: 334 | L21: 131 | M21: 2 | N21: 0.006 | O21: 0.384 | P21: 0.768 | Q21: =M21/H21 -> 0.01 | S21: =IFERROR(L21/K21,0) -> 0.39221557 | T21: =IFERROR(M21/L21,0) -> 0.015267176
C22: 5497580 | D22: com.king.candycrushsaga | E22: TH | F22: MTG | G22: 0.28 | H22: 1300 | I22: =G22*H22*7 -> 2548 | J22: 截止24点 | K22: 100283 | L22: 56291 | M22: 828 | N22: 0.004 | O22: 0.254 | P22: 209.928 | Q22: =M22/H22 -> 0.63692308 | S22: =IFERROR(L22/K22,0) -> 0.56132146 | T22: =IFERROR(M22/L22,0) -> 0.014709279
C23: 91407542 | D23: com.king.candycrushsaga | E23: ID | F23: MTG | G23: 0.02 | H23: 600 | I23: =G23*H23*7 -> 84 | J23: 截止24点 | K23: 27058 | L23: 18097 | M23: 317 | N23: 0 | O23: 0.02 | P23: 6.48 | Q23: =M23/H23 -> 0.52833333 | S23: =IFERROR(L23/K23,0) -> 0.66882253 | T23: =IFERROR(M23/L23,0) -> 0.017516715
B24: 黄政 | C24: 6951594 | D24: com.king.candycrushsodasaga | E24: DE | F24: MTG | G24: 0.6 | H24: 250 | I24: =G24*H24*7 -> 1050 | J24: 截止24点 | K24: 24201 | L24: 15797 | M24: 99 | N24: 0.004 | O24: 0.7 | P24: 69.3 | Q24: =M24/H24 -> 0.396 | S24: =IFERROR(L24/K24,0) -> 0.65274162 | T24: =IFERROR(M24/L24,0) -> 0.0062670127
A26: 每日汇总 | B26: 周六 | K26: =SUM(K27:K30) -> 132106 | L26: =SUM(L27:L30) -> 81733 | P26: =SUM(P27:P30) -> 218.649
A27: 46277 | B27: 万科 | C27: 8998645 | D27: com.king.candycrushsaga | E27: TH | F27: MTG | G27: 0.28 | H27: 200 | I27: =G27*H27*7 -> 392 | J27: 截止24点 | K27: 256 | L27: 116 | M27: 2 | N27: 0.001 | O27: 0.049 | P27: 0.099 | Q27: =M27/H27 -> 0.01 | S27: =IFERROR(L27/K27,0) -> 0.453125 | T27: =IFERROR(M27/L27,0) -> 0.017241379
C28: 5497580 | D28: com.king.candycrushsaga | E28: TH | F28: MTG | G28: 0.28 | H28: 1300 | I28: =G28*H28*7 -> 2548 | J28: 截止24点 | K28: 78456 | L28: 46260 | M28: 623 | N28: 0.003 | O28: 0.253 | P28: 157.41 | Q28: =M28/H28 -> 0.47923077 | S28: =IFERROR(L28/K28,0) -> 0.58962986 | T28: =IFERROR(M28/L28,0) -> 0.013467358
C29: 91407542 | D29: com.king.candycrushsaga | E29: ID | F29: MTG | G29: 0.02 | H29: 600 | I29: =G29*H29*7 -> 84 | J29: 截止24点 | K29: 23074 | L29: 15682 | M29: 288 | N29: 0 | O29: 0.02 | P29: 5.84 | Q29: =M29/H29 -> 0.48 | S29: =IFERROR(L29/K29,0) -> 0.67963942 | T29: =IFERROR(M29/L29,0) -> 0.018365004
B30: 黄政 | C30: 6951594 | D30: com.king.candycrushsodasaga | E30: DE | F30: MTG | G30: 0.6 | H30: 250 | I30: =G30*H30*7 -> 1050 | J30: 截止24点 | K30: 30320 | L30: 19675 | M30: 79 | N30: 0.003 | O30: 0.7 | P30: 55.3 | Q30: =M30/H30 -> 0.316 | S30: =IFERROR(L30/K30,0) -> 0.64891161 | T30: =IFERROR(M30/L30,0) -> 0.0040152478
A32: 每日汇总 | B32: 周五 | K32: =SUM(K33:K36) -> 99421 | L32: =SUM(L33:L36) -> 59978 | P32: =SUM(P33:P36) -> 199.058
A33: 46276 | B33: 万科 | C33: 8998645 | D33: com.king.candycrushsaga | E33: TH | F33: MTG | G33: 0.28 | H33: 200 | I33: =G33*H33*7 -> 392 | J33: 截止24点 | K33: 271 | L33: 134 | M33: 2 | N33: 0.002 | O33: 0.122 | P33: 0.243 | Q33: =M33/H33 -> 0.01 | S33: =IFERROR(L33/K33,0) -> 0.49446494 | T33: =IFERROR(M33/L33,0) -> 0.014925373
C34: 5497580 | D34: com.king.candycrushsaga | E34: TH | F34: MTG | G34: 0.28 | H34: 1300 | I34: =G34*H34*7 -> 2548 | J34: 截止24点 | K34: 37572 | L34: 20195 | M34: 563 | N34: 0.007 | O34: 0.25 | P34: 140.855 | Q34: =M34/H34 -> 0.43307692 | S34: =IFERROR(L34/K34,0) -> 0.53750133 | T34: =IFERROR(M34/L34,0) -> 0.027878188
C35: 91407542 | D35: com.king.candycrushsaga | E35: ID | F35: MTG | G35: 0.02 | H35: 600 | I35: =G35*H35*7 -> 84 | J35: 截止24点 | K35: 31022 | L35: 20483 | M35: 298 | N35: 0 | O35: 0.021 | P35: 6.16 | Q35: =M35/H35 -> 0.49666667 | S35: =IFERROR(L35/K35,0) -> 0.66027335 | T35: =IFERROR(M35/L35,0) -> 0.01454865
B36: 黄政 | C36: 6951594 | D36: com.king.candycrushsodasaga | E36: DE | F36: MTG | G36: 0.6 | H36: 250 | I36: =G36*H36*7 -> 1050 | J36: 截止24点 | K36: 30556 | L36: 19166 | M36: 74 | N36: 0.003 | O36: 0.7 | P36: 51.8 | Q36: =M36/H36 -> 0.296 | S36: =IFERROR(L36/K36,0) -> 0.62724179 | T36: =IFERROR(M36/L36,0) -> 0.0038610039
A38: 每日汇总 | B38: 周四 | K38: =SUM(K39:K42) -> 107364 | L38: =SUM(L39:L42) -> 63943 | P38: =SUM(P39:P42) -> 228.62
A39: 46275 | B39: 万科 | C39: 8998645 | D39: com.king.candycrushsaga | E39: TH | F39: MTG | G39: 0.28 | H39: 200 | I39: =G39*H39*7 -> 392 | J39: 截止24点 | K39: 163 | L39: 75 | M39: 0 | N39: 0 | O39: 0 | P39: 0 | Q39: =M39/H39 -> 0 | S39: =IFERROR(L39/K39,0) -> 0.4601227 | T39: =IFERROR(M39/L39,0) -> 0
C40: 5497580 | D40: com.king.candycrushsaga | E40: TH | F40: MTG | G40: 0.28 | H40: 1300 | I40: =G40*H40*7 -> 2548 | J40: 截止24点 | K40: 56750 | L40: 30691 | M40: 690 | N40: 0.006 | O40: 0.251 | P40: 173.28 | Q40: =M40/H40 -> 0.53076923 | S40: =IFERROR(L40/K40,0) -> 0.54081057 | T40: =IFERROR(M40/L40,0) -> 0.022482161
C41: 91407542 | D41: com.king.candycrushsaga | E41: ID | F41: MTG | G41: 0.02 | H41: 600 | I41: =G41*H41*7 -> 84 | J41: 截止24点 | K41: 32573 | L41: 22068 | M41: 347 | N41: 0 | O41: 0.02 | P41: 7.04 | Q41: =M41/H41 -> 0.57833333 | S41: =IFERROR(L41/K41,0) -> 0.67749363 | T41: =IFERROR(M41/L41,0) -> 0.015724125
B42: 黄政 | C42: 6951594 | D42: com.king.candycrushsodasaga | E42: DE | F42: MTG | G42: 0.6 | H42: 250 | I42: =G42*H42*7 -> 1050 | J42: 截止24点 | K42: 17878 | L42: 11109 | M42: 69 | N42: 0.004 | O42: 0.7 | P42: 48.3 | Q42: =M42/H42 -> 0.276 | S42: =IFERROR(L42/K42,0) -> 0.62137823 | T42: =IFERROR(M42/L42,0) -> 0.0062111801
A44: 每日汇总 | B44: 周三 | K44: =SUM(K45:K48) -> 127404 | L44: =SUM(L45:L48) -> 76239 | P44: =SUM(P45:P48) -> 259.145
A45: 46274 | B45: 万科 | C45: 8998645 | D45: com.king.candycrushsaga | E45: TH | F45: MTG | G45: 0.28 | H45: 200 | I45: =G45*H45*7 -> 392 | J45: 截止24点 | K45: 102 | L45: 45 | M45: 0 | N45: 0 | O45: 0 | P45: 0 | Q45: =M45/H45 -> 0 | S45: =IFERROR(L45/K45,0) -> 0.44117647 | T45: =IFERROR(M45/L45,0) -> 0
C46: 5497580 | D46: com.king.candycrushsaga | E46: TH | F46: MTG | G46: 0.28 | H46: 1300 | I46: =G46*H46*7 -> 2548 | J46: 截止24点 | K46: 64150 | L46: 35927 | M46: 816 | N46: 0.006 | O46: 0.251 | P46: 204.505 | Q46: =M46/H46 -> 0.62769231 | S46: =IFERROR(L46/K46,0) -> 0.56004677 | T46: =IFERROR(M46/L46,0) -> 0.022712723
C47: 91407542 | D47: com.king.candycrushsaga | E47: ID | F47: MTG | G47: 0.02 | H47: 600 | I47: =G47*H47*7 -> 84 | J47: 截止24点 | K47: 29057 | L47: 19720 | M47: 383 | N47: 0 | O47: 0.02 | P47: 7.74 | Q47: =M47/H47 -> 0.63833333 | S47: =IFERROR(L47/K47,0) -> 0.67866607 | T47: =IFERROR(M47/L47,0) -> 0.019421907
B48: 黄政 | C48: 6951594 | D48: com.king.candycrushsodasaga | E48: DE | F48: MTG | G48: 0.6 | H48: 250 | I48: =G48*H48*7 -> 1050 | J48: 截止24点 | K48: 34095 | L48: 20547 | M48: 67 | N48: 0.002 | O48: 0.7 | P48: 46.9 | Q48: =M48/H48 -> 0.268 | S48: =IFERROR(L48/K48,0) -> 0.60263968 | T48: =IFERROR(M48/L48,0) -> 0.0032608167
A50: 每日汇总 | B50: 周二 | K50: =SUM(K51:K54) -> 173366 | L50: =SUM(L51:L54) -> 103439 | P50: =SUM(P51:P54) -> 280.064
A51: 46273 | B51: 万科 | C51: 8998645 | D51: com.king.candycrushsaga | E51: TH | F51: MTG | G51: 0.28 | H51: 200 | I51: =G51*H51*7 -> 392 | J51: 截止24点 | K51: 105 | L51: 38 | M51: 0 | N51: 0 | O51: 0 | P51: 0 | Q51: =M51/H51 -> 0 | S51: =IFERROR(L51/K51,0) -> 0.36190476 | T51: =IFERROR(M51/L51,0) -> 0
C52: 5497580 | D52: com.king.candycrushsaga | E52: TH | F52: MTG | G52: 0.28 | H52: 1300 | I52: =G52*H52*7 -> 2548 | J52: 截止24点 | K52: 105936 | L52: 60564 | M52: 894 | N52: 0.004 | O52: 0.253 | P52: 226.084 | Q52: =M52/H52 -> 0.68769231 | S52: =IFERROR(L52/K52,0) -> 0.57170367 | T52: =IFERROR(M52/L52,0) -> 0.014761244
C53: 91407542 | D53: com.king.candycrushsaga | E53: ID | F53: MTG | G53: 0.02 | H53: 600 | I53: =G53*H53*7 -> 84 | J53: 截止24点 | K53: 33425 | L53: 21416 | M53: 386 | N53: 0 | O53: 0.02 | P53: 7.78 | Q53: =M53/H53 -> 0.64333333 | S53: =IFERROR(L53/K53,0) -> 0.64071803 | T53: =IFERROR(M53/L53,0) -> 0.018023907
B54: 黄政 | C54: 6951594 | D54: com.king.candycrushsodasaga | E54: DE | F54: MTG | G54: 0.6 | H54: 250 | I54: =G54*H54*7 -> 1050 | J54: 截止24点 | K54: 33900 | L54: 21421 | M54: 66 | N54: 0.002 | O54: 0.7 | P54: 46.2 | Q54: =M54/H54 -> 0.264 | S54: =IFERROR(L54/K54,0) -> 0.63188791 | T54: =IFERROR(M54/L54,0) -> 0.0030810887
A56: 每日汇总 | B56: 周一 | K56: =SUM(K57:K60) -> 168602 | L56: =SUM(L57:L60) -> 98803 | P56: =SUM(P57:P60) -> 269.541
A57: 46272 | B57: 万科 | C57: 8998645 | D57: com.king.candycrushsaga | E57: TH | F57: MTG | G57: 0.28 | H57: 200 | I57: =G57*H57*7 -> 392 | J57: 截止24点 | K57: 145 | L57: 60 | M57: 0 | N57: 0 | O57: 0 | P57: 0 | Q57: =M57/H57 -> 0 | S57: =IFERROR(L57/K57,0) -> 0.4137931 | T57: =IFERROR(M57/L57,0) -> 0
C58: 5497580 | D58: com.king.candycrushsaga | E58: TH | F58: MTG | G58: 0.28 | H58: 1300 | I58: =G58*H58*7 -> 2548 | J58: 截止24点 | K58: 130313 | L58: 74664 | M58: 870 | N58: 0.003 | O58: 0.255 | P58: 221.721 | Q58: =M58/H58 -> 0.66923077 | S58: =IFERROR(L58/K58,0) -> 0.57295895 | T58: =IFERROR(M58/L58,0) -> 0.011652202
C59: 91407542 | D59: com.king.candycrushsaga | E59: ID | F59: MTG | G59: 0.02 | H59: 600 | I59: =G59*H59*7 -> 84 | J59: 截止24点 | K59: 10519 | L59: 6916 | M59: 180 | N59: 0.001 | O59: 0.021 | P59: 3.72 | Q59: =M59/H59 -> 0.3 | S59: =IFERROR(L59/K59,0) -> 0.65747695 | T59: =IFERROR(M59/L59,0) -> 0.026026605
B60: 黄政 | C60: 6951594 | D60: com.king.candycrushsodasaga | E60: DE | F60: MTG | G60: 0.6 | H60: 250 | I60: =G60*H60*7 -> 1050 | J60: 截止24点 | K60: 27625 | L60: 17163 | M60: 63 | N60: 0.003 | O60: 0.7 | P60: 44.1 | Q60: =M60/H60 -> 0.252 | S60: =IFERROR(L60/K60,0) -> 0.62128507 | T60: =IFERROR(M60/L60,0) -> 0.0036706869
A62: 每日汇总 | B62: 周日 | K62: =SUM(K63:K66) -> 73019 | L62: =SUM(L63:L66) -> 43138 | P62: =SUM(P63:P66) -> 269.701
A63: 46271 | B63: 万科 | C63: 8998645 | D63: com.king.candycrushsaga | E63: TH | F63: MTG | G63: 0.28 | H63: 200 | I63: =G63*H63*7 -> 392 | J63: 截止24点 | K63: 108 | L63: 29 | M63: 0 | N63: 0 | O63: 0 | P63: 0 | Q63: =M63/H63 -> 0 | S63: =IFERROR(L63/K63,0) -> 0.26851852 | T63: =IFERROR(M63/L63,0) -> 0
C64: 5497580 | D64: com.king.candycrushsaga | E64: TH | F64: MTG | G64: 0.28 | H64: 1300 | I64: =G64*H64*7 -> 2548 | J64: 截止24点 | K64: 42147 | L64: 23854 | M64: 865 | N64: 0.009 | O64: 0.254 | P64: 219.461 | Q64: =M64/H64 -> 0.66538462 | S64: =IFERROR(L64/K64,0) -> 0.56597148 | T64: =IFERROR(M64/L64,0) -> 0.036262262
C65: 91407542 | D65: com.king.candycrushsaga | E65: ID | F65: MTG | G65: 0.02 | H65: 600 | I65: =G65*H65*7 -> 84 | J65: 截止24点 | K65: 679 | L65: 400 | M65: 27 | N65: 0.001 | O65: 0.02 | P65: 0.54 | Q65: =M65/H65 -> 0.045 | S65: =IFERROR(L65/K65,0) -> 0.58910162 | T65: =IFERROR(M65/L65,0) -> 0.0675
B66: 黄政 | C66: 6951594 | D66: com.king.candycrushsodasaga | E66: DE | F66: MTG | G66: 0.6 | H66: 250 | I66: =G66*H66*7 -> 1050 | J66: 截止24点 | K66: 30085 | L66: 18855 | M66: 71 | N66: 0.003 | O66: 0.7 | P66: 49.7 | Q66: =M66/H66 -> 0.284 | S66: =IFERROR(L66/K66,0) -> 0.62672428 | T66: =IFERROR(M66/L66,0) -> 0.0037655794
A68: 每日汇总 | B68: 周六 | K68: =SUM(K69:K72) -> 146959 | L68: =SUM(L69:L72) -> 89683 | P68: =SUM(P69:P72) -> 284.241
A69: 46270 | B69: 万科 | C69: 8998645 | D69: com.king.candycrushsaga | E69: TH | F69: MTG | G69: 0.28 | H69: 200 | I69: =G69*H69*7 -> 392 | J69: 截止24点 | K69: 98 | L69: 35 | M69: 0 | N69: 0 | O69: 0 | P69: 0 | Q69: =M69/H69 -> 0 | S69: =IFERROR(L69/K69,0) -> 0.35714286 | T69: =IFERROR(M69/L69,0) -> 0
C70: 5497580 | D70: com.king.candycrushsaga | E70: TH | F70: MTG | G70: 0.28 | H70: 1300 | I70: =G70*H70*7 -> 2548 | J70: 截止24点 | K70: 104804 | L70: 62953 | M70: 917 | N70: 0.004 | O70: 0.249 | P70: 228.241 | Q70: =M70/H70 -> 0.70538462 | S70: =IFERROR(L70/K70,0) -> 0.60067364 | T70: =IFERROR(M70/L70,0) -> 0.014566423
C71: 91407542 | D71: com.king.candycrushsaga | E71: ID | F71: MTG | G71: 0.02 | H71: 600 | I71: =G71*H71*7 -> 84 | J71: 截止24点 | K71: 19612 | L71: 12177 | M71: 0 | N71: 0 | O71: 0 | P71: 0 | Q71: =M71/H71 -> 0 | S71: =IFERROR(L71/K71,0) -> 0.62089537 | T71: =IFERROR(M71/L71,0) -> 0
B72: 黄政 | C72: 6951594 | D72: com.king.candycrushsodasaga | E72: DE | F72: MTG | G72: 0.6 | H72: 250 | I72: =G72*H72*7 -> 1050 | J72: 截止24点 | K72: 22445 | L72: 14518 | M72: 80 | N72: 0.004 | O72: 0.7 | P72: 56 | Q72: =M72/H72 -> 0.32 | S72: =IFERROR(L72/K72,0) -> 0.64682557 | T72: =IFERROR(M72/L72,0) -> 0.0055104009
A74: 每日汇总 | B74: 周五 | K74: =SUM(K75:K79) -> 137204 | L74: =SUM(L75:L79) -> 81834 | P74: =SUM(P75:P79) -> 188.042
A75: 46269 | B75: 万科 | C75: 8998645 | D75: com.king.candycrushsaga | E75: TH | F75: MTG | G75: 0.28 | H75: 200 | I75: =G75*H75*7 -> 392 | J75: 截止24点 | K75: 85 | L75: 39 | M75: 1 | N75: 0.001 | O75: 0.038 | P75: 0.038 | Q75: =M75/H75 -> 0.005 | S75: =IFERROR(L75/K75,0) -> 0.45882353 | T75: =IFERROR(M75/L75,0) -> 0.025641026
C76: 5497580 | D76: com.king.candycrushsaga | E76: TH | F76: MTG | G76: 0.28 | H76: 1300 | I76: =G76*H76*7 -> 2548 | J76: 截止24点 | K76: 92650 | L76: 53766 | M76: 660 | N76: 0.003 | O76: 0.249 | P76: 164.624 | Q76: =M76/H76 -> 0.50769231 | S76: =IFERROR(L76/K76,0) -> 0.58031301 | T76: =IFERROR(M76/L76,0) -> 0.012275416
C77: 91407542 | D77: com.king.candycrushsaga | E77: ID | F77: MTG | G77: 0.02 | H77: 600 | I77: =G77*H77*7 -> 84 | J77: 截止24点 | K77: 18989 | L77: 11724 | M77: 186 | N77: 0 | O77: 0.02 | P77: 3.78 | Q77: =M77/H77 -> 0.31 | S77: =IFERROR(L77/K77,0) -> 0.61741008 | T77: =IFERROR(M77/L77,0) -> 0.015864893
C78: 9102719 | D78: com.tencent.ig | E78: EG | F78: MTG | G78: 0.05 | H78: 200 | I78: =G78*H78*7 -> 70 | J78: 截止24点 | K78: 233 | L78: 151 | M78: 0 | N78: 0 | O78: 0 | P78: 0 | Q78: =M78/H78 -> 0 | S78: =IFERROR(L78/K78,0) -> 0.64806867 | T78: =IFERROR(M78/L78,0) -> 0 | U78: 9/4 暂停
B79: 黄政 | C79: 6951594 | D79: com.king.candycrushsodasaga | E79: DE | F79: MTG | G79: 0.6 | H79: 250 | I79: =G79*H79*7 -> 1050 | J79: 截止24点 | K79: 25247 | L79: 16154 | M79: 28 | N79: 0.001 | O79: 0.7 | P79: 19.6 | Q79: =M79/H79 -> 0.112 | S79: =IFERROR(L79/K79,0) -> 0.6398384 | T79: =IFERROR(M79/L79,0) -> 0.0017333168
A81: 每日汇总 | B81: 周四 | K81: =SUM(K82:K86) -> 123135 | L81: =SUM(L82:L86) -> 74674 | P81: =SUM(P82:P86) -> 253.734
A82: 46268 | B82: 万科 | C82: 8998645 | D82: com.king.candycrushsaga | E82: TH | F82: MTG | G82: 0.28 | H82: 200 | I82: =G82*H82*7 -> 392 | J82: 截止24点 | K82: 115 | L82: 41 | M82: 2 | N82: 0.031 | O82: 0.625 | P82: 1.251 | Q82: =M82/H82 -> 0.01 | S82: =IFERROR(L82/K82,0) -> 0.35652174 | T82: =IFERROR(M82/L82,0) -> 0.048780488
C83: 5497580 | D83: com.king.candycrushsaga | E83: TH | F83: MTG | G83: 0.28 | H83: 1300 | I83: =G83*H83*7 -> 2548 | J83: 截止24点 | K83: 88002 | L83: 51949 | M83: 836 | N83: 0.004 | O83: 0.247 | P83: 206.609 | Q83: =M83/H83 -> 0.64307692 | S83: =IFERROR(L83/K83,0) -> 0.59031613 | T83: =IFERROR(M83/L83,0) -> 0.016092706
C84: 91407542 | D84: com.king.candycrushsaga | E84: ID | F84: MTG | G84: 0.02 | H84: 600 | I84: =G84*H84*7 -> 84 | J84: 截止24点 | K84: 11960 | L84: 7668 | M84: 97 | N84: 0 | O84: 0.021 | P84: 2 | Q84: =M84/H84 -> 0.16166667 | S84: =IFERROR(L84/K84,0) -> 0.64113712 | T84: =IFERROR(M84/L84,0) -> 0.012649974
C85: 9102719 | D85: com.tencent.ig | E85: EG | F85: MTG | G85: 0.05 | H85: 200 | I85: =G85*H85*7 -> 70 | J85: 截止24点 | K85: 1582 | L85: 1086 | M85: 7 | N85: 0 | O85: 0.048 | P85: 0.334 | Q85: =M85/H85 -> 0.035 | S85: =IFERROR(L85/K85,0) -> 0.68647282 | T85: =IFERROR(M85/L85,0) -> 0.0064456722
B86: 黄政 | C86: 6951594 | D86: com.king.candycrushsodasaga | E86: DE | F86: MTG | G86: 0.6 | H86: 250 | I86: =G86*H86*7 -> 1050 | J86: 截止24点 | K86: 21476 | L86: 13930 | M86: 62 | N86: 0.003 | O86: 0.702 | P86: 43.54 | Q86: =M86/H86 -> 0.248 | S86: =IFERROR(L86/K86,0) -> 0.64863103 | T86: =IFERROR(M86/L86,0) -> 0.0044508256
A88: 每日汇总 | B88: 周三 | K88: =SUM(K89:K93) -> 145389 | L88: =SUM(L89:L93) -> 85159 | P88: =SUM(P89:P93) -> 281.596
A89: 46267 | B89: 万科 | C89: 8998645 | D89: com.king.candycrushsaga | E89: TH | F89: MTG | G89: 0.28 | H89: 200 | I89: =G89*H89*7 -> 392 | J89: 截止24点 | K89: 118 | L89: 45 | M89: 0 | N89: 0 | O89: 0 | P89: 0 | Q89: =M89/H89 -> 0 | S89: =IFERROR(L89/K89,0) -> 0.38135593 | T89: =IFERROR(M89/L89,0) -> 0
C90: 5497580 | D90: com.king.candycrushsaga | E90: TH | F90: MTG | G90: 0.28 | H90: 1300 | I90: =G90*H90*7 -> 2548 | J90: 截止24点 | K90: 109228 | L90: 61584 | M90: 970 | N90: 0.004 | O90: 0.248 | P90: 240.992 | Q90: =M90/H90 -> 0.74615385 | S90: =IFERROR(L90/K90,0) -> 0.56381148 | T90: =IFERROR(M90/L90,0) -> 0.015750844
C91: 91407542 | D91: com.king.candycrushsaga | E91: ID | F91: MTG | G91: 0.02 | H91: 600 | I91: =G91*H91*7 -> 84 | J91: 截止24点 | K91: 2476 | L91: 1502 | M91: 57 | N91: 0.001 | O91: 0.021 | P91: 1.22 | Q91: =M91/H91 -> 0.095 | S91: =IFERROR(L91/K91,0) -> 0.60662359 | T91: =IFERROR(M91/L91,0) -> 0.037949401
C92: 9102719 | D92: com.tencent.ig | E92: EG | F92: MTG | G92: 0.05 | H92: 200 | I92: =G92*H92*7 -> 70 | J92: 截止24点 | K92: 1712 | L92: 1224 | M92: 8 | N92: 0 | O92: 0.023 | P92: 0.184 | Q92: =M92/H92 -> 0.04 | S92: =IFERROR(L92/K92,0) -> 0.71495327 | T92: =IFERROR(M92/L92,0) -> 0.0065359477
B93: 黄政 | C93: 6951594 | D93: com.king.candycrushsodasaga | E93: DE | F93: MTG | G93: 0.6 | H93: 250 | I93: =G93*H93*7 -> 1050 | J93: 截止24点 | K93: 31855 | L93: 20804 | M93: 56 | N93: 0.002 | O93: 0.7 | P93: 39.2 | Q93: =M93/H93 -> 0.224 | S93: =IFERROR(L93/K93,0) -> 0.65308429 | T93: =IFERROR(M93/L93,0) -> 0.00269179
A95: 每日汇总 | B95: 周二 | K95: =SUM(K96:K100) -> 163140 | L95: =SUM(L96:L100) -> 97693 | P95: =SUM(P96:P100) -> 310.509
A96: 46266 | B96: 万科 | C96: 8998645 | D96: com.king.candycrushsaga | E96: TH | F96: MTG | G96: 0.28 | H96: 200 | I96: =G96*H96*7 -> 392 | J96: 截止24点 | K96: 131 | L96: 55 | M96: 0 | N96: 0 | O96: 0 | P96: 0 | Q96: =M96/H96 -> 0 | S96: =IFERROR(L96/K96,0) -> 0.41984733 | T96: =IFERROR(M96/L96,0) -> 0
C97: 5497580 | D97: com.king.candycrushsaga | E97: TH | F97: MTG | G97: 0.28 | H97: 1300 | I97: =G97*H97*7 -> 2548 | J97: 截止24点 | K97: 126101 | L97: 73791 | M97: 1051 | N97: 0.004 | O97: 0.249 | P97: 261.389 | Q97: =M97/H97 -> 0.80846154 | S97: =IFERROR(L97/K97,0) -> 0.58517379 | T97: =IFERROR(M97/L97,0) -> 0.014242929
C98: 91407542 | D98: com.king.candycrushsaga | E98: ID | F98: MTG | G98: 0.02 | H98: 600 | I98: =G98*H98*7 -> 84 | J98: 截止24点 | K98: 6946 | L98: 4334 | M98: 27 | N98: 0 | O98: 0.021 | P98: 0.56 | Q98: =M98/H98 -> 0.045 | S98: =IFERROR(L98/K98,0) -> 0.62395623 | T98: =IFERROR(M98/L98,0) -> 0.0062298108
C99: 9102719 | D99: com.tencent.ig | E99: EG | F99: MTG | G99: 0.05 | H99: 200 | I99: =G99*H99*7 -> 70 | J99: 截止24点 | K99: 1589 | L99: 1154 | M99: 4 | N99: 0 | O99: 0.077 | P99: 0.31 | Q99: =M99/H99 -> 0.02 | S99: =IFERROR(L99/K99,0) -> 0.72624292 | T99: =IFERROR(M99/L99,0) -> 0.0034662045
B100: 黄政 | C100: 6951594 | D100: com.king.candycrushsodasaga | E100: DE | F100: MTG | G100: 0.6 | H100: 250 | I100: =G100*H100*7 -> 1050 | J100: 截止24点 | K100: 28373 | L100: 18359 | M100: 69 | N100: 0.003 | O100: 0.699 | P100: 48.25 | Q100: =M100/H100 -> 0.276 | S100: =IFERROR(L100/K100,0) -> 0.64705882 | T100: =IFERROR(M100/L100,0) -> 0.0037583746

Sheet 数据透视表
B1: 37 | N1: Week
J2: Adpingid | K2: 包名 | L2: 平台 | M2: 地区 | N2: 35
A3: Adpingid | B3: 包名 | C3: 平台 | D3: 地区 | E3: 求和:平台转化数量 | F3: 求和:花费 | J3: 7815836 | K3: com.kwai.bulldog | L3: MTG | M3: ID | N3: 2711.24
A4: 5464039 | B4: com.king.candycrushsaga | C4: MTG | D4: MY | E4: 10004 | F4: 2964.658 | J4: 5464039 | K4: com.king.candycrushsaga | L4: MTG | M4: MY | N4: 2521.29
A5: 5497580 | B5: com.king.candycrushsaga | C5: MTG | D5: TH | E5: 9475 | F5: 2394.791 | J5: 5497580 | K5: com.king.candycrushsaga | L5: MTG | M5: TH | N5: 2182.83
A6: 8628042 | B6: asrtum.ent.domovyata | C6: Mediago | D6: RU | E6: 4276 | F6: 2183.6 | J6: 8291713 | K6: ru.kinopoisk | L6: MTG | M6: RU | N6: 1395.8
A7: 7815836 | B7: com.kwai.bulldog | C7: MTG | D7: ID | E7: 19066 | F7: 1845.055 | J7: 6607117 | K7: ru.aliexpress.buyer | L7: MTG | M7: RU | N7: 1374.971
A8: 8291713 | B8: ru.kinopoisk | C8: MTG | D8: RU | E8: 10499 | F8: 1419.397 | J8: 8460883 | K8: com.king.candycrushsodasaga | L8: MTG | M8: BR | N8: 1214.332
A9: 11690181 | B9: astrum.ent.m2alyona | C9: MTG | D9: RU | E9: 3363 | F9: 1412.55 | J9: 5963354 | K9: ru.ozon.app.android | L9: MTG | M9: KZ | N9: 1159.41
A10: 5963354 | B10: ru.ozon.app.android | C10: MTG | D10: KZ | E10: 2187 | F10: 1299.066 | J10: 6951594 | K10: com.king.candycrushsodasaga | L10: MTG | M10: DE | N10: 1145.725
A11: 8460883 | B11: com.king.candycrushsodasaga | C11: MTG | D11: BR | E11: 8232 | F11: 1157.646 | J11: 2732727 | K11: com.amazon.mShop.android.shopping | L11: MTG | M11: SA | N11: 1013.9
A12: 6951594 | B12: com.king.candycrushsodasaga | C12: MTG | D12: DE | E12: 1590 | F12: 1113 | J12: 8156506 | K12: com.yandex.lavka | L12: MTG | M12: RU | N12: 640.85
A13: 10912510 | B13: com.amazon.mShop.android.shopping | C13: Kwai | D13: BR | E13: 4180 | F13: 948.56 | J13: 8628042 | K13: asrtum.ent.domovyata | L13: Mediago | M13: RU | N13: 622.39
A14: 6607117 | B14: ru.aliexpress.buyer | C14: MTG | D14: RU | E14: 1426 | F14: 879.32 | J14: 10514860 | K14: com.esprit.rpg.lttlefirykng | L14: MTG | M14: RU | N14: 553.25
A15: 2732727 | B15: com.amazon.mShop.android.shopping | C15: MTG | D15: SA | E15: 3232 | F15: 807.725 | J15: 11690181 | K15: astrum.ent.m2alyona | L15: MTG | M15: RU | N15: 540
... A144: 91528810 | B144: daily.number.match.free.puzzle | C144: MTG | D144: RU | E144: 0 | F144: 0 | J144: 11080833 | K144: ru.ozon.app.android | L144: MTG | M144: KG | N144: 0
J145: 11081056 | K145: ru.ozon.app.android | L145: MTG | M145: AM | N145: 0
J146: 91538307 | K146: com.vitastudio.mahjong | L146: MTG | M146: TH | N146: 0
J147: 91538308 | K147: com.vitastudio.mahjong | L147: MTG | M147: BR | N147: 0
J148: 11332331 | K148: com.dearmart.app | L148: MTG | M148: TH | N148: 0

Sheet Week37
E1: Week
A2: Adpingid | B2: 包名 | C2: 平台 | D2: 地区 | E2: 37 | F2: 36 | G2: 消耗环比 | H2: 变动原因：差值在+-15%的都需要仔细复盘 1、具体的预算增加或者控量动作的时间点 2、如果有降预算问清楚降预算原因 3、广告自身的变化：素材增加/衰退后的表现，子渠道调整，价格调整 4、外部变化：平台流量变化/竞争原因，比如CPM？CPC？CTR？CVR？是否有变动？ | I2: 下一步计划 (根据变动原因需要做出的对应动作，以及需要什么支持？比如cap超跑需要帮助check是否有bug，需要check事件表现，需要新素材，需要提价&加预算等等)
A3: 5464039 | B3: com.king.candycrushsaga | C3: MTG | D3: MY | E3: =SUMIFS('平台消耗统计'!I:I,'平台消耗统计'!A:A,$E$2,'平台消耗统计'!C:C,A3) -> 2964.658 | F3: =SUMIFS('平台消耗统计'!I:I,'平台消耗统计'!A:A,$F$2,'平台消耗统计'!C:C,A3) -> 2285.57 | G3: =IFERROR((E3-F3)/F3,0) -> 0.29711976 | H3: 新单元之前降价量下降了，加了一点量慢慢起来了 | I3: 最近打满了，优化事件
A4: 5497580 | B4: com.king.candycrushsaga | C4: MTG | D4: TH | E4: =SUMIFS('平台消耗统计'!I:I,'平台消耗统计'!A:A,$E$2,'平台消耗统计'!C:C,A4) -> 2394.791 | F4: =SUMIFS('平台消耗统计'!I:I,'平台消耗统计'!A:A,$F$2,'平台消耗统计'!C:C,A4) -> 2143.948 | G4: =IFERROR((E4-F4)/F4,0) -> 0.11700051 | H4: 正常差值，稳定每天跑满。 | I4: 稳定流量，定期优化没用的子渠道
A5: 8628042 | B5: asrtum.ent.domovyata | C5: Mediago | D5: RU | E5: =SUMIFS('平台消耗统计'!I:I,'平台消耗统计'!A:A,$E$2,'平台消耗统计'!C:C,A5) -> 2183.6 | F5: =SUMIFS('平台消耗统计'!I:I,'平台消耗统计'!A:A,$F$2,'平台消耗统计'!C:C,A5) -> 2123.53 | G5: =IFERROR((E5-F5)/F5,0) -> 0.028287804 | H5: 正常差值，每天都在控成本，这周的成本从上周的0.59降到了0.51，整体成本在0.55还需要继续压下 | I5: 稳住消耗并继续下压成本
A6: 7815836 | B6: com.kwai.bulldog | C6: MTG | D6: ID | E6: =SUMIFS('平台消耗统计'!I:I,'平台消耗统计'!A:A,$E$2,'平台消耗统计'!C:C,A6) -> 1845.055 | F6: =SUMIFS('平台消耗统计'!I:I,'平台消耗统计'!A:A,$F$2,'平台消耗统计'!C:C,A6) -> 2308.63 | G6: =IFERROR((E6-F6)/F6,0) -> -0.20080091 | H6: 9.7下调了出价从0.15降到了0.095，直接导致量掉了很多，9.9又再上调到0.1并上新素材后稍微慢慢回复不过目前每天的量也只能在3000个左右 | I6: 先继续控住成本到0.1不亏，目前是0.103
A7: 8291713 | B7: ru.kinopoisk | C7: MTG | D7: RU | E7: =SUMIFS('平台消耗统计'!I:I,'平台消耗统计'!A:A,$E$2,'平台消耗统计'!C:C,A7) -> 1419.397 | F7: =SUMIFS('平台消耗统计'!I:I,'平台消耗统计'!A:A,$F$2,'平台消耗统计'!C:C,A7) -> 1468.57 | G7: =IFERROR((E7-F7)/F7,0) -> -0.033483593 | H7: 降低了一丢丢出价，消耗减少 | I7: 继续保持每日打满cap
A8: 11690181 | B8: astrum.ent.m2alyona | C8: MTG | D8: RU | E8: =SUMIFS('平台消耗统计'!I:I,'平台消耗统计'!A:A,$E$2,'平台消耗统计'!C:C,A8) -> 1412.55 | F8: =SUMIFS('平台消耗统计'!I:I,'平台消耗统计'!A:A,$F$2,'平台消耗统计'!C:C,A8) -> 745.14 | G8: =IFERROR((E8-F8)/F8,0) -> 0.89568403 | H8: 比较稳定 week36cap加到500后基本每天都能打满cap500个只有两天差二十多个 | I8: 继续保持稳定打满
A9: 5963354 | B9: ru.ozon.app.android | C9: MTG | D9: KZ | E9: =SUMIFS('平台消耗统计'!I:I,'平台消耗统计'!A:A,$E$2,'平台消耗统计'!C:C,A9) -> 1299.066 | F9: =SUMIFS('平台消耗统计'!I:I,'平台消耗统计'!A:A,$F$2,'平台消耗统计'!C:C,A9) -> 1396.642 | G9: =IFERROR((E9-F9)/F9,0) -> -0.069864718 | H9: Week37转化下降，合理波动 | I9: 正常更新素材
A10: 8460883 | B10: com.king.candycrushsodasaga | C10: MTG | D10: BR | E10: =SUMIFS('平台消耗统计'!I:I,'平台消耗统计'!A:A,$E$2,'平台消耗统计'!C:C,A10) -> 1157.646 | F10: =SUMIFS('平台消耗统计'!I:I,'平台消耗统计'!A:A,$F$2,'平台消耗统计'!C:C,A10) -> 988.918 | G10: =IFERROR((E10-F10)/F10,0) -> 0.1706188 | H10: 正常差值，转化略有提升 | I10: 争取拿到更多的量，定期优化素材
A11: 6951594 | B11: com.king.candycrushsodasaga | C11: MTG | D11: DE | E11: =SUMIFS('平台消耗统计'!I:I,'平台消耗统计'!A:A,$E$2,'平台消耗统计'!C:C,A11) -> 1113 | F11: =SUMIFS('平台消耗统计'!I:I,'平台消耗统计'!A:A,$F$2,'平台消耗统计'!C:C,A11) -> 950.85 | G11: =IFERROR((E11-F11)/F11,0) -> 0.17053163 | H11: 正常差值，转化略有提升 | I11: 争取拿到更多的量，定期优化素材
A12: 10912510 | B12: com.amazon.mShop.android.shopping | C12: Kwai | D12: BR | E12: =SUMIFS('平台消耗统计'!I:I,'平台消耗统计'!A:A,$E$2,'平台消耗统计'!C:C,A12) -> 948.56 | F12: =SUMIFS('平台消耗统计'!I:I,'平台消耗统计'!A:A,$F$2,'平台消耗统计'!C:C,A12) -> 1259.13 | G12: =IFERROR((E12-F12)/F12,0) -> -0.24665444 | H12: 周三掉量，目前在稳定恢复
A13: 6607117 | B13: ru.aliexpress.buyer | C13: MTG | D13: RU | E13: =SUMIFS('平台消耗统计'!I:I,'平台消耗统计'!A:A,$E$2,'平台消耗统计'!C:C,A13) -> 879.32 | F13: =SUMIFS('平台消耗统计'!I:I,'平台消耗统计'!A:A,$F$2,'平台消耗统计'!C:C,A13) -> 927.809 | G13: =IFERROR((E13-F13)/F13,0) -> -0.052261834 | H13: 正常差值，CPE订单偶尔有波动。 | I13: 争取拿到更多的量，定期优化素材
A14: 2732727 | B14: com.amazon.mShop.android.shopping | C14: MTG | D14: SA | E14: =SUMIFS('平台消耗统计'!I:I,'平台消耗统计'!A:A,$E$2,'平台消耗统计'!C:C,A14) -> 807.725 | F14: =SUMIFS('平台消耗统计'!I:I,'平台消耗统计'!A:A,$F$2,'平台消耗统计'!C:C,A14) -> 1000.725 | G14: =IFERROR((E14-F14)/F14,0) -> -0.19286018 | H14: 在掉量，已经调整渠道和新建系列 | I14: 争取拿到更多的量，定期优化素材
A15: 10514860 | B15: com.esprit.rpg.lttlefirykng | C15: MTG | D15: RU | E15: =SUMIFS('平台消耗统计'!I:I,'平台消耗统计'!A:A,$E$2,'平台消耗统计'!C:C,A15) -> 730.1 | F15: =SUMIFS('平台消耗统计'!I:I,'平台消耗统计'!A:A,$F$2,'平台消耗统计'!C:C,A15) -> 723.8 | G15: =IFERROR((E15-F15)/F15,0) -> 0.0087040619 | H15: 每天量波动比较大，但拉周来看量级很稳定 | I15: 继续观察
A16: 11892329 | B16: com.amazon.mShop.android.shopping | C16: MTG | D16: BR | E16: =SUMIFS('平台消耗统计'!I:I,'平台消耗统计'!A:A,$E$2,'平台消耗统计'!C:C,A16) -> 685.06 | F16: =SUMIFS('平台消耗统计'!I:I,'平台消耗统计'!A:A,$F$2,'平台消耗统计'!C:C,A16) -> 521.5 | G16: =IFERROR((E16-F16)/F16,0) -> 0.31363375 | H16: 比较稳定 正常差值，0.2打不满，提到了0.22 | I16: 争取拿到更多的量，定期优化素材
A17: 8094753 | B17: ru.aliexpress.buyer | C17: Mediago | D17: RU | E17: =SUMIFS('平台消耗统计'!I:I,'平台消耗统计'!A:A,$E$2,'平台消耗统计'!C:C,A17) -> 649.42 | F17: =SUMIFS('平台消耗统计'!I:I,'平台消耗统计'!A:A,$F$2,'平台消耗统计'!C:C,A17) -> 354.55 | G17: =IFERROR((E17-F17)/F17,0) -> 0.83167395 | H17: 9/9 cap 200>400 每天基本打满。 | I17: 定期优化素材，稳定流量。
A18: 8156506 | B18: com.yandex.lavka | C18: MTG | D18: RU | E18: =SUMIFS('平台消耗统计'!I:I,'平台消耗统计'!A:A,$E$2,'平台消耗统计'!C:C,A18) -> 583.1 | F18: =SUMIFS('平台消耗统计'!I:I,'平台消耗统计'!A:A,$F$2,'平台消耗统计'!C:C,A18) -> 601.55 | G18: =IFERROR((E18-F18)/F18,0) -> -0.030670767 | H18: 价格略低，不够稳定，目前已经提价0.1提到0.13 | I18: 已经提价
A19: 1745925 | B19: tech.jm | C19: MTG | D19: RU | E19: =SUMIFS('平台消耗统计'!I:I,'平台消耗统计'!A:A,$E$2,'平台消耗统计'!C:C,A19) -> 472.2 | F19: =SUMIFS('平台消耗统计'!I:I,'平台消耗统计'!A:A,$F$2,'平台消耗统计'!C:C,A19) -> 477.6 | G19: =IFERROR((E19-F19)/F19,0) -> -0.011306533 | H19: 有一天抽风没跑满，其余时间均跑满 | I19: 争取拿到更多的量，定期优化素材
A20: 7872826 | B20: asrtum.ent.domovyata | C20: MTG | D20: RU | E20: =SUMIFS('平台消耗统计'!I:I,'平台消耗统计'!A:A,$E$2,'平台消耗统计'!C:C,A20) -> 424.41 | F20: =SUMIFS('平台消耗统计'!I:I,'平台消耗统计'!A:A,$F$2,'平台消耗统计'!C:C,A20) -> 490.654 | G20: =IFERROR((E20-F20)/F20,0) -> -0.13501164 | H20: 降价和降cap后昨日已经重新打满新的cap要求 | I20: 争取拿到更多的量，定期优化素材
A21: 6395488 | B21: com.edadeal.android | C21: MTG | D21: RU | E21: =SUMIFS('平台消耗统计'!I:I,'平台消耗统计'!A:A,$E$2,'平台消耗统计'!C:C,A21) -> 420 | F21: =SUMIFS('平台消耗统计'!I:I,'平台消耗统计'!A:A,$F$2,'平台消耗统计'!C:C,A21) -> 420 | G21: =IFERROR((E21-F21)/F21,0) -> 0 | H21: 稳定订单 | I21: 继续保持每日打满cap
A22: 9297014 | B22: tech.jm | C22: Mediago | D22: RU | E22: =SUMIFS('平台消耗统计'!I:I,'平台消耗统计'!A:A,$E$2,'平台消耗统计'!C:C,A22) -> 407.45 | F22: =SUMIFS('平台消耗统计'!I:I,'平台消耗统计'!A:A,$F$2,'平台消耗统计'!C:C,A22) -> 287.49 | G22: =IFERROR((E22-F22)/F22,0) -> 0.41726669 | H22: 转化量就差了几十个但这周成本从0.19涨到了0.26 上涨比较多，9.11上新素材并下调价格后成本开始走低 | I22: 压住价格，持续上新素材
A23: 11511535 | B23: com.yandex.bank | C23: Mediago | D23: RU | E23: =SUMIFS('平台消耗统计'!I:I,'平台消耗统计'!A:A,$E$2,'平台消耗统计'!C:C,A23) -> 403.08 | F23: =SUMIFS('平台消耗统计'!I:I,'平台消耗统计'!A:A,$F$2,'平台消耗统计'!C:C,A23) -> 234.48 | G23: =IFERROR((E23-F23)/F23,0) -> 0.71903787 | H23: Week37转化量大幅提升，且成本可控，可喜可贺 | I23: 观察流量波动，调整出价
A24: 8566541 | B24: ru.yandex.music | C24: Mediago | D24: RU | E24: =SUMIFS('平台消耗统计'!I:I,'平台消耗统计'!A:A,$E$2,'平台消耗统计'!C:C,A24) -> 353.93 | F24: =SUMIFS('平台消耗统计'!I:I,'平台消耗统计'!A:A,$F$2,'平台消耗统计'!C:C,A24) -> 183.42 | G24: =IFERROR((E24-F24)/F24,0) -> 0.92961509 | H24: Week37转化量大幅提升，且成本可控，可喜可贺 | I24: 观察流量波动，调整出价
... A42: 91548043 | B42: com.king.candycrushsaga | C42: MTG | D42: FR | E42: =SUMIFS('平台消耗统计'!I:I,'平台消耗统计'!A:A,$E$2,'平台消耗统计'!C:C,A42) -> 158.4 | F42: =SUMIFS('平台消耗统计'!I:I,'平台消耗统计'!A:A,$F$2,'平台消耗统计'!C:C,A42) -> 121.8 | G42: =IFERROR((E42-F42)/F42,0) -> 0.30049261 | H42: 每日打满，但要换新的单号，过几天就可能要关了 | I42: 继续保持稳定打满
A43: 91560709 | B43: com.king.candycrushsaga | C43: MTG | D43: VN | E43: =SUMIFS('平台消耗统计'!I:I,'平台消耗统计'!A:A,$E$2,'平台消耗统计'!C:C,A43) -> 151.74 | F43: =SUMIFS('平台消耗统计'!I:I,'平台消耗统计'!A:A,$F$2,'平台消耗统计'!C:C,A43) -> 0 | G43: =IFERROR((E43-F43)/F43,0) -> 0 | H43: 9.8日开投
A44: 6439005 | B44: com.amazon.mShop.android.shopping | C44: Eagllwin | D44: ZA | E44: =SUMIFS('平台消耗统计'!I:I,'平台消耗统计'!A:A,$E$2,'平台消耗统计'!C:C,A44) -> 149.5 | F44: =SUMIFS('平台消耗统计'!I:I,'平台消耗统计'!A:A,$F$2,'平台消耗统计'!C:C,A44) -> 128.5 | G44: =IFERROR((E44-F44)/F44,0) -> 0.16342412 | H44: 目前维持在80左右的量级，在慢慢提升 | I44: 争取拿到更多的量，定期优化素材
A45: 91467820 | B45: com.vitastudio.mahjong | C45: MTG | D45: ID | E45: =SUMIFS('平台消耗统计'!I:I,'平台消耗统计'!A:A,$E$2,'平台消耗统计'!C:C,A45) -> 140 | F45: =SUMIFS('平台消耗统计'!I:I,'平台消耗统计'!A:A,$F$2,'平台消耗统计'!C:C,A45) -> 323.1 | G45: =IFERROR((E45-F45)/F45,0) -> -0.56669762 | H45: week36降了cap到200后每天还是都能打满 | I45: 继续保持每日打满cap
A46: 8819666 | B46: com.yandex.lavka | C46: Bigo | D46: RU | E46: =SUMIFS('平台消耗统计'!I:I,'平台消耗统计'!A:A,$E$2,'平台消耗统计'!C:C,A46) -> 139.2306 | F46: =SUMIFS('平台消耗统计'!I:I,'平台消耗统计'!A:A,$F$2,'平台消耗统计'!C:C,A46) -> 138.0552 | G46: =IFERROR((E46-F46)/F46,0) -> 0.0085139857 | H46: 稳定订单，每日基本打满 | I46: 继续保持稳定打满
A47: 9686529 | B47: ru.ozon.app.android | C47: MTG | D47: KG | E47: =SUMIFS('平台消耗统计'!I:I,'平台消耗统计'!A:A,$E$2,'平台消耗统计'!C:C,A47) -> 135.5 | F47: =SUMIFS('平台消耗统计'!I:I,'平台消耗统计'!A:A,$F$2,'平台消耗统计'!C:C,A47) -> 125.5 | G47: =IFERROR((E47-F47)/F47,0) -> 0.079681275 | H47: Week37转化增多，合理波动 | I47: 正常更新素材
A48: 91496147 | B48: com.vitastudio.mahjong | C48: MTG | D48: BR | E48: =SUMIFS('平台消耗统计'!I:I,'平台消耗统计'!A:A,$E$2,'平台消耗统计'!C:C,A48) -> 125.45 | F48: =SUMIFS('平台消耗统计'!I:I,'平台消耗统计'!A:A,$F$2,'平台消耗统计'!C:C,A48) -> 129.35 | G48: =IFERROR((E48-F48)/F48,0) -> -0.030150754 | H48: 稳定订单，每日基本打满 | I48: 继续保持
A49: 12011132 | B49: ru.rt.video.app.mobile | C49: MTG | D49: RU | E49: =SUMIFS('平台消耗统计'!I:I,'平台消耗统计'!A:A,$E$2,'平台消耗统计'!C:C,A49) -> 120 | F49: =SUMIFS('平台消耗统计'!I:I,'平台消耗统计'!A:A,$F$2,'平台消耗统计'!C:C,A49) -> 0 | G49: =IFERROR((E49-F49)/F49,0) -> 0 | H49: 9/8 开跑，目前每日能打满cap
A50: 91467821 | B50: com.vitastudio.mahjong | C50: MTG | D50: TH | E50: =SUMIFS('平台消耗统计'!I:I,'平台消耗统计'!A:A,$E$2,'平台消耗统计'!C:C,A50) -> 119 | F50: =SUMIFS('平台消耗统计'!I:I,'平台消耗统计'!A:A,$F$2,'平台消耗统计'!C:C,A50) -> 117.81 | G50: =IFERROR((E50-F50)/F50,0) -> 0.01010101 | H50: 稳定订单，每天打满 | I50: 继续保持
A51: 6951600 | B51: com.king.candycrushsodasaga | C51: MTG | D51: TH | E51: =SUMIFS('平台消耗统计'!I:I,'平台消耗统计'!A:A,$E$2,'平台消耗统计'!C:C,A51) -> 113.866 | F51: =SUMIFS('平台消耗统计'!I:I,'平台消耗统计'!A:A,$F$2,'平台消耗统计'!C:C,A51) -> 98.396 | G51: =IFERROR((E51-F51)/F51,0) -> 0.15722184 | H51: 目前已经稳定每日打满 | I51: 继续保持稳定打满
A52: 10765365 | B52: ph.com.bdo.pay | C52: MTG | D52: PH | E52: =SUMIFS('平台消耗统计'!I:I,'平台消耗统计'!A:A,$E$2,'平台消耗统计'!C:C,A52) -> 111.24 | F52: =SUMIFS('平台消耗统计'!I:I,'平台消耗统计'!A:A,$F$2,'平台消耗统计'!C:C,A52) -> 88.98 | G52: =IFERROR((E52-F52)/F52,0) -> 0.25016858 | H52: week36cap提到100后大部分时间都能打满只有周末两天掉量比较多 | I52: 提价稳定量级并上新素材
A53: 91532857 | B53: com.reefgames.fabletown | C53: Bigo | D53: RU | E53: =SUMIFS('平台消耗统计'!I:I,'平台消耗统计'!A:A,$E$2,'平台消耗统计'!C:C,A53) -> 99.9776 | F53: =SUMIFS('平台消耗统计'!I:I,'平台消耗统计'!A:A,$F$2,'平台消耗统计'!C:C,A53) -> 72.7499 | G53: =IFERROR((E53-F53)/F53,0) -> 0.37426443 | H53: 上了新素材，量有提升 | I53: 换了一个编号去新建了，继续观察
A54: 2937658 | B54: com.yandex.bank | C54: MTG | D54: RU | E54: =SUMIFS('平台消耗统计'!I:I,'平台消耗统计'!A:A,$E$2,'平台消耗统计'!C:C,A54) -> 86.1 | F54: =SUMIFS('平台消耗统计'!I:I,'平台消耗统计'!A:A,$F$2,'平台消耗统计'!C:C,A54) -> 86.162 | G54: =IFERROR((E54-F54)/F54,0) -> -0.00071957475 | H54: 稳定订单 | I54: 继续保持每日打满cap
A55: 8566084 | B55: com.intellihealth.truemeds | C55: MTG | D55: IN | E55: =SUMIFS('平台消耗统计'!I:I,'平台消耗统计'!A:A,$E$2,'平台消耗统计'!C:C,A55) -> 84 | F55: =SUMIFS('平台消耗统计'!I:I,'平台消耗统计'!A:A,$F$2,'平台消耗统计'!C:C,A55) -> 64.56 | G55: =IFERROR((E55-F55)/F55,0) -> 0.30111524 | H55: Week37每日打满cap，转化量增多 | I55: 继续保持每日打满cap
A56: 6706444 | B56: ru.ozon.app.android | C56: Bigo | D56: KZ | E56: =SUMIFS('平台消耗统计'!I:I,'平台消耗统计'!A:A,$E$2,'平台消耗统计'!C:C,A56) -> 83.595 | F56: =SUMIFS('平台消耗统计'!I:I,'平台消耗统计'!A:A,$F$2,'平台消耗统计'!C:C,A56) -> 69.2401 | G56: =IFERROR((E56-F56)/F56,0) -> 0.20732061 | H56: Week37 eCPI跑高了，转化量差不多 | I56: 换素材，降eCPI
A57: 11690183 | B57: com.uma.musicvk | C57: MTG | D57: RU | E57: =SUMIFS('平台消耗统计'!I:I,'平台消耗统计'!A:A,$E$2,'平台消耗统计'!C:C,A57) -> 82.2 | F57: =SUMIFS('平台消耗统计'!I:I,'平台消耗统计'!A:A,$F$2,'平台消耗统计'!C:C,A57) -> 70.5 | G57: =IFERROR((E57-F57)/F57,0) -> 0.16595745 | H57: 人群包订单，量相较Week36增加了一些。正常波动 | I57: 优化素材和子渠道，争取跑满
A58: 91550293 | B58: net.peakgames.Yuzbir | C58: MTG | D58: TR | E58: =SUMIFS('平台消耗统计'!I:I,'平台消耗统计'!A:A,$E$2,'平台消耗统计'!C:C,A58) -> 80.5 | F58: =SUMIFS('平台消耗统计'!I:I,'平台消耗统计'!A:A,$F$2,'平台消耗统计'!C:C,A58) -> 126 | G58: =IFERROR((E58-F58)/F58,0) -> -0.36111111 | H58: 最近竖版量有下滑 | I58: 上新素材提升量级
A59: 91407542 | B59: com.king.candycrushsaga | C59: MTG | D59: ID | E59: =SUMIFS('平台消耗统计'!I:I,'平台消耗统计'!A:A,$E$2,'平台消耗统计'!C:C,A59) -> 78.86 | F59: =SUMIFS('平台消耗统计'!I:I,'平台消耗统计'!A:A,$F$2,'平台消耗统计'!C:C,A59) -> 37.27 | G59: =IFERROR((E59-F59)/F59,0) -> 1.1159109 | H59: 稳定订单，每日打满有一天有波动没跑满 | I59: 定期更新素材，量保持稳住
A60: 11924259 | B60: blibli.mobile.commerce | C60: MTG | D60: ID | E60: =SUMIFS('平台消耗统计'!I:I,'平台消耗统计'!A:A,$E$2,'平台消耗统计'!C:C,A60) -> 78.6 | F60: =SUMIFS('平台消耗统计'!I:I,'平台消耗统计'!A:A,$F$2,'平台消耗统计'!C:C,A60) -> 16.44 | G60: =IFERROR((E60-F60)/F60,0) -> 3.7810219 | H60: week36新建订单只跑了三天 这周大部分时间都能打满 | I60: 上新素材和优化子渠道，争取跑满
A61: 91540124 | B61: com.puzzlegames.puzzlebrickslegend | C61: Bigo | D61: US | E61: =SUMIFS('平台消耗统计'!I:I,'平台消耗统计'!A:A,$E$2,'平台消耗统计'!C:C,A61) -> 74.4955 | F61: =SUMIFS('平台消耗统计'!I:I,'平台消耗统计'!A:A,$F$2,'平台消耗统计'!C:C,A61) -> 72.5207 | G61: =IFERROR((E61-F61)/F61,0) -> 0.027230846 | H61: 每日花费基本稳定，但是转化波动较大 | I61: 争取拿到更多的量，定期优化素材
... A71: 91557347 | B71: robot.zaimer.ru | C71: MTG | D71: RU | E71: =SUMIFS('平台消耗统计'!I:I,'平台消耗统计'!A:A,$E$2,'平台消耗统计'!C:C,A71) -> 44.8 | F71: =SUMIFS('平台消耗统计'!I:I,'平台消耗统计'!A:A,$F$2,'平台消耗统计'!C:C,A71) -> 2.5 | G71: =IFERROR((E71-F71)/F71,0) -> 16.92 | H71: 更换了视频素材，视频素材出量了 | I71: 继续观察优化素材
A72: 91560708 | B72: com.king.candycrushsaga | C72: MTG | D72: FR | E72: =SUMIFS('平台消耗统计'!I:I,'平台消耗统计'!A:A,$E$2,'平台消耗统计'!C:C,A72) -> 43.29 | F72: =SUMIFS('平台消耗统计'!I:I,'平台消耗统计'!A:A,$F$2,'平台消耗统计'!C:C,A72) -> 0 | G72: =IFERROR((E72-F72)/F72,0) -> 0 | H72: 新订单号，目前在起量阶段，9.8日开投
A73: 8998645 | B73: com.king.candycrushsaga | C73: MTG | D73: TH | E73: =SUMIFS('平台消耗统计'!I:I,'平台消耗统计'!A:A,$E$2,'平台消耗统计'!C:C,A73) -> 43.133 | F73: =SUMIFS('平台消耗统计'!I:I,'平台消耗统计'!A:A,$F$2,'平台消耗统计'!C:C,A73) -> 33.768 | G73: =IFERROR((E73-F73)/F73,0) -> 0.27733357 | H73: CPE订单，量上不去已经上了新的素材看看 | I73: 定期更新素材，量保持稳住
A74: 9298539 | B74: com.gloriajeans.mobile | C74: MTG | D74: RU | E74: =SUMIFS('平台消耗统计'!I:I,'平台消耗统计'!A:A,$E$2,'平台消耗统计'!C:C,A74) -> 33.92 | F74: =SUMIFS('平台消耗统计'!I:I,'平台消耗统计'!A:A,$F$2,'平台消耗统计'!C:C,A74) -> 114 | G74: =IFERROR((E74-F74)/F74,0) -> -0.70245614 | H74: 9/8暂停 | I74: /
A75: 12039225 | B75: com.bossgame.domino | C75: MTG | D75: ID | E75: =SUMIFS('平台消耗统计'!I:I,'平台消耗统计'!A:A,$E$2,'平台消耗统计'!C:C,A75) -> 30 | F75: =SUMIFS('平台消耗统计'!I:I,'平台消耗统计'!A:A,$F$2,'平台消耗统计'!C:C,A75) -> 0 | G75: =IFERROR((E75-F75)/F75,0) -> 0 | H75: 9/14 已暂停
A76: 8312006 | B76: ru.uteka.app | C76: MTG | D76: RU | E76: =SUMIFS('平台消耗统计'!I:I,'平台消耗统计'!A:A,$E$2,'平台消耗统计'!C:C,A76) -> 29.52 | F76: =SUMIFS('平台消耗统计'!I:I,'平台消耗统计'!A:A,$F$2,'平台消耗统计'!C:C,A76) -> 26.64 | G76: =IFERROR((E76-F76)/F76,0) -> 0.10810811 | H76: 比较稳定 正常差值 | I76: 继续保持
A77: 91545519 | B77: com.vuclip.viu | C77: MTG | D77: MY | E77: =SUMIFS('平台消耗统计'!I:I,'平台消耗统计'!A:A,$E$2,'平台消耗统计'!C:C,A77) -> 27.6 | F77: =SUMIFS('平台消耗统计'!I:I,'平台消耗统计'!A:A,$F$2,'平台消耗统计'!C:C,A77) -> 66.58 | G77: =IFERROR((E77-F77)/F77,0) -> -0.5854611 | H77: 原账户开始只跑人群包，量变少了 | I77: 继续观察优化
A78: 10080665 | B78: ru.ozon.app.android | C78: MTG | D78: AM | E78: =SUMIFS('平台消耗统计'!I:I,'平台消耗统计'!A:A,$E$2,'平台消耗统计'!C:C,A78) -> 27.36 | F78: =SUMIFS('平台消耗统计'!I:I,'平台消耗统计'!A:A,$F$2,'平台消耗统计'!C:C,A78) -> 29.64 | G78: =IFERROR((E78-F78)/F78,0) -> -0.076923077 | H78: Week37转化量下降，正常波动 | I78: 正常更新素材
A79: 91564896 | B79: com.game.friends.ru | C79: MTG | D79: RU | E79: =SUMIFS('平台消耗统计'!I:I,'平台消耗统计'!A:A,$E$2,'平台消耗统计'!C:C,A79) -> 25.9 | F79: =SUMIFS('平台消耗统计'!I:I,'平台消耗统计'!A:A,$F$2,'平台消耗统计'!C:C,A79) -> 0 | G79: =IFERROR((E79-F79)/F79,0) -> 0 | H79: 9/11开投 | I79: /
A80: 91399439 | B80: com.kotak811mobilebankingapp.instantsavingsupiscanandpayrecharge | C80: MTG | D80: IN | E80: =SUMIFS('平台消耗统计'!I:I,'平台消耗统计'!A:A,$E$2,'平台消耗统计'!C:C,A80) -> 21.7 | F80: =SUMIFS('平台消耗统计'!I:I,'平台消耗统计'!A:A,$F$2,'平台消耗统计'!C:C,A80) -> 23.6 | G80: =IFERROR((E80-F80)/F80,0) -> -0.080508475 | H80: 每天都是二三十个转化 | I80: 优化素材优化渠道
A81: 9311355 | B81: com.esprit.rpg.cntrctfft | C81: MTG | D81: RU | E81: =SUMIFS('平台消耗统计'!I:I,'平台消耗统计'!A:A,$E$2,'平台消耗统计'!C:C,A81) -> 21 | F81: =SUMIFS('平台消耗统计'!I:I,'平台消耗统计'!A:A,$F$2,'平台消耗统计'!C:C,A81) -> 21 | G81: =IFERROR((E81-F81)/F81,0) -> 0 | H81: 稳定订单，每天打满 | I81: 正常更新素材
A82: 8531973 | B82: com.king.candycrushsodasaga | C82: Mediago | D82: DE | E82: =SUMIFS('平台消耗统计'!I:I,'平台消耗统计'!A:A,$E$2,'平台消耗统计'!C:C,A82) -> 19.74 | F82: =SUMIFS('平台消耗统计'!I:I,'平台消耗统计'!A:A,$F$2,'平台消耗统计'!C:C,A82) -> 14.87 | G82: =IFERROR((E82-F82)/F82,0) -> 0.32750504 | H82: 转化没提升，提价后成本有提升 | I82: 继续观察优化素材
A83: 5619156 | B83: com.amazon.mShop.android.shopping | C83: Bigo | D83: SA | E83: =SUMIFS('平台消耗统计'!I:I,'平台消耗统计'!A:A,$E$2,'平台消耗统计'!C:C,A83) -> 17.5363 | F83: =SUMIFS('平台消耗统计'!I:I,'平台消耗统计'!A:A,$F$2,'平台消耗统计'!C:C,A83) -> 40.6533 | G83: =IFERROR((E83-F83)/F83,0) -> -0.56863772 | H83: 在掉量，上了新素材也不管用，也要用新户大法 | I83: 用新户大法
A84: 5556054 | B84: com.krom.android | C84: MTG | D84: ID | E84: =SUMIFS('平台消耗统计'!I:I,'平台消耗统计'!A:A,$E$2,'平台消耗统计'!C:C,A84) -> 13.207 | F84: =SUMIFS('平台消耗统计'!I:I,'平台消耗统计'!A:A,$F$2,'平台消耗统计'!C:C,A84) -> 27.872 | G84: =IFERROR((E84-F84)/F84,0) -> -0.52615528 | H84: 每天都不是很稳定 时不时能出两三个转化 不过这周成本对比week36从1.16降到了0.88 | I84: 继续观察优化素材
A85: 91534913 | B85: com.qookkagames.xczyw.gp.hk | C85: MTG | D85: HK | E85: =SUMIFS('平台消耗统计'!I:I,'平台消耗统计'!A:A,$E$2,'平台消耗统计'!C:C,A85) -> 13 | F85: =SUMIFS('平台消耗统计'!I:I,'平台消耗统计'!A:A,$F$2,'平台消耗统计'!C:C,A85) -> 80 | G85: =IFERROR((E85-F85)/F85,0) -> -0.8375 | H85: 有事件要求，更换为只跑人群包，几乎没量了 | I85: 继续观察优化
A86: 5847496 | B86: com.amazon.mShop.android.shopping | C86: Bigo | D86: AE | E86: =SUMIFS('平台消耗统计'!I:I,'平台消耗统计'!A:A,$E$2,'平台消耗统计'!C:C,A86) -> 12.0427 | F86: =SUMIFS('平台消耗统计'!I:I,'平台消耗统计'!A:A,$F$2,'平台消耗统计'!C:C,A86) -> 89.7474 | G86: =IFERROR((E86-F86)/F86,0) -> -0.86581561 | H86: 在掉量，上了新素材也不管用，也要用新户大法 | I86: 用新户大法
A87: 11987622 | B87: com.amazon.mShop.android.shopping | C87: Kwai | D87: BR | E87: =SUMIFS('平台消耗统计'!I:I,'平台消耗统计'!A:A,$E$2,'平台消耗统计'!C:C,A87) -> 10.22 | F87: =SUMIFS('平台消耗统计'!I:I,'平台消耗统计'!A:A,$F$2,'平台消耗统计'!C:C,A87) -> 0 | G87: =IFERROR((E87-F87)/F87,0) -> 0 | H87: 9.12日开投
A88: 6061077 | B88: ru.aliexpress.buyer | C88: MTG | D88: RU | E88: =SUMIFS('平台消耗统计'!I:I,'平台消耗统计'!A:A,$E$2,'平台消耗统计'!C:C,A88) -> 9.071 | F88: =SUMIFS('平台消耗统计'!I:I,'平台消耗统计'!A:A,$F$2,'平台消耗统计'!C:C,A88) -> 6.731 | G88: =IFERROR((E88-F88)/F88,0) -> 0.34764522 | H88: CPE订单，量上不去已经上了新的素材看看
A89: 11324493 | B89: com.king.candycrushsaga | C89: MTG | D89: TH | E89: =SUMIFS('平台消耗统计'!I:I,'平台消耗统计'!A:A,$E$2,'平台消耗统计'!C:C,A89) -> 8.1 | F89: =SUMIFS('平台消耗统计'!I:I,'平台消耗统计'!A:A,$F$2,'平台消耗统计'!C:C,A89) -> 5.18 | G89: =IFERROR((E89-F89)/F89,0) -> 0.56370656 | H89: 人群包订单，没啥量有略微的增长 | I89: 优化素材和子渠道看看
A90: 10501490 | B90: tech.jm | C90: MTG | D90: RU | E90: =SUMIFS('平台消耗统计'!I:I,'平台消耗统计'!A:A,$E$2,'平台消耗统计'!C:C,A90) -> 7.8 | F90: =SUMIFS('平台消耗统计'!I:I,'平台消耗统计'!A:A,$F$2,'平台消耗统计'!C:C,A90) -> 8.06 | G90: =IFERROR((E90-F90)/F90,0) -> -0.032258065 | H90: 人群包订单，没啥量有略微的增长 | I90: 优化素材和子渠道看看
A91: 8670368 | B91: com.king.candycrushsodasaga | C91: Kwai | D91: BR | E91: =SUMIFS('平台消耗统计'!I:I,'平台消耗统计'!A:A,$E$2,'平台消耗统计'!C:C,A91) -> 7.23 | F91: =SUMIFS('平台消耗统计'!I:I,'平台消耗统计'!A:A,$F$2,'平台消耗统计'!C:C,A91) -> 8.89 | G91: =IFERROR((E91-F91)/F91,0) -> -0.18672666
A92: 91538336 | B92: cn.com.vtmarkets | C92: MTG | D92: FR | E92: =SUMIFS('平台消耗统计'!I:I,'平台消耗统计'!A:A,$E$2,'平台消耗统计'!C:C,A92) -> 7.2 | F92: =SUMIFS('平台消耗统计'!I:I,'平台消耗统计'!A:A,$F$2,'平台消耗统计'!C:C,A92) -> 7.2 | G92: =IFERROR((E92-F92)/F92,0) -> 0 | H92: 9/10暂停 | I92: /
A93: 91533906 | B93: com.sialiagames.xczyw.gp.tw | C93: MTG | D93: TW | E93: =SUMIFS('平台消耗统计'!I:I,'平台消耗统计'!A:A,$E$2,'平台消耗统计'!C:C,A93) -> 7 | F93: =SUMIFS('平台消耗统计'!I:I,'平台消耗统计'!A:A,$F$2,'平台消耗统计'!C:C,A93) -> 27 | G93: =IFERROR((E93-F93)/F93,0) -> -0.74074074 | H93: 有事件要求，更换为只跑人群包，几乎没量了 | I93: 继续观察优化
A94: 12072287 | B94: com.yandex.bank | C94: MTG | D94: RU | E94: =SUMIFS('平台消耗统计'!I:I,'平台消耗统计'!A:A,$E$2,'平台消耗统计'!C:C,A94) -> 6.279 | F94: =SUMIFS('平台消耗统计'!I:I,'平台消耗统计'!A:A,$F$2,'平台消耗统计'!C:C,A94) -> 0 | G94: =IFERROR((E94-F94)/F94,0) -> 0 | H94: 9/9开跑，CPE订单，eCPI跑出来很低，逐步提价中提量中
A95: 7203110 | B95: com.fxpro.direct.application | C95: MTG | D95: SY | E95: =SUMIFS('平台消耗统计'!I:I,'平台消耗统计'!A:A,$E$2,'平台消耗统计'!C:C,A95) -> 5.4 | F95: =SUMIFS('平台消耗统计'!I:I,'平台消耗统计'!A:A,$F$2,'平台消耗统计'!C:C,A95) -> 21.3 | G95: =IFERROR((E95-F95)/F95,0) -> -0.74647887 | H95: 上了新素材，也没量 | I95: 沟通提价
A96: 91535331 | B96: com.king.candycrushsaga | C96: MTG | D96: IN | E96: =SUMIFS('平台消耗统计'!I:I,'平台消耗统计'!A:A,$E$2,'平台消耗统计'!C:C,A96) -> 5.36 | F96: =SUMIFS('平台消耗统计'!I:I,'平台消耗统计'!A:A,$F$2,'平台消耗统计'!C:C,A96) -> 2.22 | G96: =IFERROR((E96-F96)/F96,0) -> 1.4144144 | H96: 人群包订单，没啥量有略微的增长 | I96: 优化素材和子渠道看看
A97: 91538300 | B97: com.vitastudio.mahjong | C97: MTG | D97: ID | E97: =SUMIFS('平台消耗统计'!I:I,'平台消耗统计'!A:A,$E$2,'平台消耗统计'!C:C,A97) -> 4.76 | F97: =SUMIFS('平台消耗统计'!I:I,'平台消耗统计'!A:A,$F$2,'平台消耗统计'!C:C,A97) -> 4.2 | G97: =IFERROR((E97-F97)/F97,0) -> 0.13333333 | H97: 人群包订单，个位数转化 | I97: 继续跑
A98: 10815258 | B98: com.kubi.kucoin | C98: MTG | D98: RU | E98: =SUMIFS('平台消耗统计'!I:I,'平台消耗统计'!A:A,$E$2,'平台消耗统计'!C:C,A98) -> 4.333 | F98: =SUMIFS('平台消耗统计'!I:I,'平台消耗统计'!A:A,$F$2,'平台消耗统计'!C:C,A98) -> 7.917 | G98: =IFERROR((E98-F98)/F98,0) -> -0.45269673 | H98: 正常差值，提了子渠道的价格和优化的素材量起不来。持续观察看看
A99: 91535229 | B99: com.king.candycrushsaga | C99: MTG | D99: ID | E99: =SUMIFS('平台消耗统计'!I:I,'平台消耗统计'!A:A,$E$2,'平台消耗统计'!C:C,A99) -> 4.04 | F99: =SUMIFS('平台消耗统计'!I:I,'平台消耗统计'!A:A,$F$2,'平台消耗统计'!C:C,A99) -> 0.92 | G99: =IFERROR((E99-F99)/F99,0) -> 3.3913043 | H99: 人群包订单，没啥量有略微的增长 | I99: 优化素材和子渠道看看
A100: 12038500 | B100: astrum.ent.m2alyona | C100: MTG | D100: RU | E100: =SUMIFS('平台消耗统计'!I:I,'平台消耗统计'!A:A,$E$2,'平台消耗统计'!C:C,A100) -> 4 | F100: =SUMIFS('平台消耗统计'!I:I,'平台消耗统计'!A:A,$F$2,'平台消耗统计'!C:C,A100) -> 0 | G100: =IFERROR((E100-F100)/F100,0) -> 0 | H100: 人群包订单 每天曝光点击都不是很多 但还能是不是出两个转化 | I100: 继续跑
A101: 11080098 | B101: com.fxpro.direct.application | C101: MTG | D101: PK | E101: =SUMIFS('平台消耗统计'!I:I,'平台消耗统计'!A:A,$E$2,'平台消耗统计'!C:C,A101) -> 3.6 | F101: =SUMIFS('平台消耗统计'!I:I,'平台消耗统计'!A:A,$F$2,'平台消耗统计'!C:C,A101) -> 1.86 | G101: =IFERROR((E101-F101)/F101,0) -> 0.93548387 | H101: 人群包订单，暂无转化 | I101: 继续跑
A102: 91554853 | B102: com.vuclip.viu | C102: Eagllwin | D102: ID | E102: =SUMIFS('平台消耗统计'!I:I,'平台消耗统计'!A:A,$E$2,'平台消耗统计'!C:C,A102) -> 3.6 | F102: =SUMIFS('平台消耗统计'!I:I,'平台消耗统计'!A:A,$F$2,'平台消耗统计'!C:C,A102) -> 6.902 | G102: =IFERROR((E102-F102)/F102,0) -> -0.47841205 | H102: 9/11暂停 | I102: /
A103: 91538301 | B103: com.vitastudio.mahjong | C103: MTG | D103: RU | E103: =SUMIFS('平台消耗统计'!I:I,'平台消耗统计'!A:A,$E$2,'平台消耗统计'!C:C,A103) -> 3.52 | F103: =SUMIFS('平台消耗统计'!I:I,'平台消耗统计'!A:A,$F$2,'平台消耗统计'!C:C,A103) -> 6.82 | G103: =IFERROR((E103-F103)/F103,0) -> -0.48387097 | H103: 人群包订单，个位数转化 | I103: 继续跑
A104: 11792342 | B104: com.conquian.parallax | C104: MTG | D104: IN | E104: =SUMIFS('平台消耗统计'!I:I,'平台消耗统计'!A:A,$E$2,'平台消耗统计'!C:C,A104) -> 3 | F104: =SUMIFS('平台消耗统计'!I:I,'平台消耗统计'!A:A,$F$2,'平台消耗统计'!C:C,A104) -> 0.4 | G104: =IFERROR((E104-F104)/F104,0) -> 6.5 | H104: 多了几个转化，难起量，其他渠道CVR也很低 | I104: 正常更新素材
A105: 91538306 | B105: com.vitastudio.mahjong | C105: MTG | D105: PH | E105: =SUMIFS('平台消耗统计'!I:I,'平台消耗统计'!A:A,$E$2,'平台消耗统计'!C:C,A105) -> 2.34 | F105: =SUMIFS('平台消耗统计'!I:I,'平台消耗统计'!A:A,$F$2,'平台消耗统计'!C:C,A105) -> 1.98 | G105: =IFERROR((E105-F105)/F105,0) -> 0.18181818 | H105: 人群包订单，个位数转化 | I105: 继续跑
A106: 11078827 | B106: ru.ozon.app.android | C106: MTG | D106: UZ | E106: =SUMIFS('平台消耗统计'!I:I,'平台消耗统计'!A:A,$E$2,'平台消耗统计'!C:C,A106) -> 1.8 | F106: =SUMIFS('平台消耗统计'!I:I,'平台消耗统计'!A:A,$F$2,'平台消耗统计'!C:C,A106) -> 0.3 | G106: =IFERROR((E106-F106)/F106,0) -> 5 | H106: 人群包订单，个位数转化 | I106: 继续跑
A107: 11763482 | B107: com.esprit.rpg.lttlefirykng | C107: Bigo | D107: RU | E107: =SUMIFS('平台消耗统计'!I:I,'平台消耗统计'!A:A,$E$2,'平台消耗统计'!C:C,A107) -> 1.7599 | F107: =SUMIFS('平台消耗统计'!I:I,'平台消耗统计'!A:A,$F$2,'平台消耗统计'!C:C,A107) -> 2.3486 | G107: =IFERROR((E107-F107)/F107,0) -> -0.25065997 | H107: 没量，提了价格和换了素材没啥流量增加的变化 | I107: 在换素材看看
A108: 11836152 | B108: com.kwai.bulldog | C108: MTG | D108: ID | E108: =SUMIFS('平台消耗统计'!I:I,'平台消耗统计'!A:A,$E$2,'平台消耗统计'!C:C,A108) -> 1.71 | F108: =SUMIFS('平台消耗统计'!I:I,'平台消耗统计'!A:A,$F$2,'平台消耗统计'!C:C,A108) -> 0.27 | G108: =IFERROR((E108-F108)/F108,0) -> 5.3333333 | H108: 人群包订单 每天曝光点击都不是很多 但还能是不是出两个转化 | I108: 继续跑
A109: 91538309 | B109: com.vitastudio.mahjong | C109: MTG | D109: MY | E109: =SUMIFS('平台消耗统计'!I:I,'平台消耗统计'!A:A,$E$2,'平台消耗统计'!C:C,A109) -> 1.62 | F109: =SUMIFS('平台消耗统计'!I:I,'平台消耗统计'!A:A,$F$2,'平台消耗统计'!C:C,A109) -> 1.44 | G109: =IFERROR((E109-F109)/F109,0) -> 0.125 | H109: 人群包订单，个位数转化 | I109: 继续跑
A110: 11655595 | B110: com.esprit.rpg.lttlefirykng | C110: Mediago | D110: RU | E110: =SUMIFS('平台消耗统计'!I:I,'平台消耗统计'!A:A,$E$2,'平台消耗统计'!C:C,A110) -> 1.13 | F110: =SUMIFS('平台消耗统计'!I:I,'平台消耗统计'!A:A,$F$2,'平台消耗统计'!C:C,A110) -> 3.31 | G110: =IFERROR((E110-F110)/F110,0) -> -0.65861027 | H110: 没量，提了价格和换了素材没啥流量增加的变化 | I110: 在换素材看看
... A114: 91550294 | B114: com.okinc.okex.gp | C114: MTG | D114: US | E114: =SUMIFS('平台消耗统计'!I:I,'平台消耗统计'!A:A,$E$2,'平台消耗统计'!C:C,A114) -> 0.8 | F114: =SUMIFS('平台消耗统计'!I:I,'平台消耗统计'!A:A,$F$2,'平台消耗统计'!C:C,A114) -> 17.6 | G114: =IFERROR((E114-F114)/F114,0) -> -0.95454545 | H114: 9/10暂停 | I114: /
A115: 9751142 | B115: com.alibaba.aliexpresshd | C115: Kwai | D115: BR | E115: =SUMIFS('平台消耗统计'!I:I,'平台消耗统计'!A:A,$E$2,'平台消耗统计'!C:C,A115) -> 0.7 | F115: =SUMIFS('平台消耗统计'!I:I,'平台消耗统计'!A:A,$F$2,'平台消耗统计'!C:C,A115) -> 17.89 | G115: =IFERROR((E115-F115)/F115,0) -> -0.960872 | H115: 9.7暂停
A116: 91548042 | B116: tech.jm | C116: Bigo | D116: RU | E116: =SUMIFS('平台消耗统计'!I:I,'平台消耗统计'!A:A,$E$2,'平台消耗统计'!C:C,A116) -> 0.6341 | F116: =SUMIFS('平台消耗统计'!I:I,'平台消耗统计'!A:A,$F$2,'平台消耗统计'!C:C,A116) -> 0.5139 | G116: =IFERROR((E116-F116)/F116,0) -> 0.23389765 | H116: 人群包订单，暂无转化 | I116: 继续跑
A117: 12115625 | B117: ru.zhuck.webapp | C117: MTG | D117: RU | E117: =SUMIFS('平台消耗统计'!I:I,'平台消耗统计'!A:A,$E$2,'平台消耗统计'!C:C,A117) -> 0.6 | F117: =SUMIFS('平台消耗统计'!I:I,'平台消耗统计'!A:A,$F$2,'平台消耗统计'!C:C,A117) -> 0 | G117: =IFERROR((E117-F117)/F117,0) -> 0 | H117: 9/11开投 | I117: /
A118: 8057746 | B118: com.king.candycrushsaga | C118: MTG | D118: MY | E118: =SUMIFS('平台消耗统计'!I:I,'平台消耗统计'!A:A,$E$2,'平台消耗统计'!C:C,A118) -> 0.56 | F118: =SUMIFS('平台消耗统计'!I:I,'平台消耗统计'!A:A,$F$2,'平台消耗统计'!C:C,A118) -> 0.56 | G118: =IFERROR((E118-F118)/F118,0) -> 0 | H118: 人群包订单，暂无转化 | I118: 继续跑
A119: 11862336 | B119: com.kotak811mobilebankingapp.instantsavingsupiscanandpayrecharge | C119: MTG | D119: IN | E119: =SUMIFS('平台消耗统计'!I:I,'平台消耗统计'!A:A,$E$2,'平台消耗统计'!C:C,A119) -> 0.4 | F119: =SUMIFS('平台消耗统计'!I:I,'平台消耗统计'!A:A,$F$2,'平台消耗统计'!C:C,A119) -> 0.1 | G119: =IFERROR((E119-F119)/F119,0) -> 3 | H119: 人群包订单 每天曝光点击都不是很多 但还能是不是出两个转化 | I119: 继续跑
A120: 91520433 | B120: com.vitastudio.mahjong | C120: MTG | D120: RU | E120: =SUMIFS('平台消耗统计'!I:I,'平台消耗统计'!A:A,$E$2,'平台消耗统计'!C:C,A120) -> 0.32 | F120: =SUMIFS('平台消耗统计'!I:I,'平台消耗统计'!A:A,$F$2,'平台消耗统计'!C:C,A120) -> 3.2 | G120: =IFERROR((E120-F120)/F120,0) -> -0.9 | H120: 已不出转化 | I120: 考虑关停
A121: 11729927 | B121: com.amazon.mShop.android.shopping | C121: MTG | D121: ZA | E121: =SUMIFS('平台消耗统计'!I:I,'平台消耗统计'!A:A,$E$2,'平台消耗统计'!C:C,A121) -> 0.25 | F121: =SUMIFS('平台消耗统计'!I:I,'平台消耗统计'!A:A,$F$2,'平台消耗统计'!C:C,A121) -> 74.125 | G121: =IFERROR((E121-F121)/F121,0) -> -0.99662732 | H121: 人群包订单，暂无转化 | I121: 继续跑
A122: 91555309 | B122: com.vuclip.viu | C122: MTG | D122: ID | E122: =SUMIFS('平台消耗统计'!I:I,'平台消耗统计'!A:A,$E$2,'平台消耗统计'!C:C,A122) -> 0.2 | F122: =SUMIFS('平台消耗统计'!I:I,'平台消耗统计'!A:A,$F$2,'平台消耗统计'!C:C,A122) -> 71.4 | G122: =IFERROR((E122-F122)/F122,0) -> -0.99719888 | H122: 9/11暂停 | I122: /
A123: 9535696 | B123: com.foreigncurrency.internationalfxeye | C123: MTG | D123: ID | E123: =SUMIFS('平台消耗统计'!I:I,'平台消耗统计'!A:A,$E$2,'平台消耗统计'!C:C,A123) -> 0.2 | F123: =SUMIFS('平台消耗统计'!I:I,'平台消耗统计'!A:A,$F$2,'平台消耗统计'!C:C,A123) -> 0 | G123: =IFERROR((E123-F123)/F123,0) -> 0 | H123: 9.11暂停
A124: 11715655 | B124: com.king.candycrushsodasaga | C124: MTG | D124: BR | E124: =SUMIFS('平台消耗统计'!I:I,'平台消耗统计'!A:A,$E$2,'平台消耗统计'!C:C,A124) -> 0.15 | F124: =SUMIFS('平台消耗统计'!I:I,'平台消耗统计'!A:A,$F$2,'平台消耗统计'!C:C,A124) -> 0 | G124: =IFERROR((E124-F124)/F124,0) -> 0 | H124: 人群包订单，暂无转化 | I124: 继续跑
A125: 91557333 | B125: ru.bkfon | C125: Bigo | D125: RU | E125: =SUMIFS('平台消耗统计'!I:I,'平台消耗统计'!A:A,$E$2,'平台消耗统计'!C:C,A125) -> 0.1359 | F125: =SUMIFS('平台消耗统计'!I:I,'平台消耗统计'!A:A,$F$2,'平台消耗统计'!C:C,A125) -> 6.804 | G125: =IFERROR((E125-F125)/F125,0) -> -0.98002646
A126: 91557161 | B126: ru.betboom.android | C126: Bigo | D126: RU | E126: =SUMIFS('平台消耗统计'!I:I,'平台消耗统计'!A:A,$E$2,'平台消耗统计'!C:C,A126) -> 0.08 | F126: =SUMIFS('平台消耗统计'!I:I,'平台消耗统计'!A:A,$F$2,'平台消耗统计'!C:C,A126) -> 5.7254 | G126: =IFERROR((E126-F126)/F126,0) -> -0.98602718 | H126: 9.14暂停
A127: 11729830 | B127: com.amazon.mShop.android.shopping | C127: Bigo | D127: BR | E127: =SUMIFS('平台消耗统计'!I:I,'平台消耗统计'!A:A,$E$2,'平台消耗统计'!C:C,A127) -> 0.0477 | F127: =SUMIFS('平台消耗统计'!I:I,'平台消耗统计'!A:A,$F$2,'平台消耗统计'!C:C,A127) -> 0.0174 | G127: =IFERROR((E127-F127)/F127,0) -> 1.7413793 | H127: 人群包订单，暂无转化 | I127: 继续跑
A128: 91557162 | B128: com.olimpbk.app.bet | C128: Bigo | D128: RU | E128: =SUMIFS('平台消耗统计'!I:I,'平台消耗统计'!A:A,$E$2,'平台消耗统计'!C:C,A128) -> 0.0243 | F128: =SUMIFS('平台消耗统计'!I:I,'平台消耗统计'!A:A,$F$2,'平台消耗统计'!C:C,A128) -> 5.0506 | G128: =IFERROR((E128-F128)/F128,0) -> -0.99518869 | H128: 9.8暂停
A129: 11655596 | B129: com.esprit.rpg.lttlefirykng | C129: Bigo | D129: RU | E129: =SUMIFS('平台消耗统计'!I:I,'平台消耗统计'!A:A,$E$2,'平台消耗统计'!C:C,A129) -> 0.0115 | F129: =SUMIFS('平台消耗统计'!I:I,'平台消耗统计'!A:A,$F$2,'平台消耗统计'!C:C,A129) -> 0.0673 | G129: =IFERROR((E129-F129)/F129,0) -> -0.82912333 | H129: 没量，提了价格和换了素材没啥流量增加的变化 | I129: 在换素材看看
...

Sheet Week36
E1: Week
A2: Adpingid | B2: 包名 | C2: 平台 | D2: 地区 | E2: 36 | F2: 35 | G2: 消耗环比 | H2: 变动原因：差值在+-15%的都需要仔细复盘 1、具体的预算增加或者控量动作的时间点 2、如果有降预算问清楚降预算原因 3、广告自身的变化：素材增加/衰退后的表现，子渠道调整，价格调整 4、外部变化：平台流量变化/竞争原因，比如CPM？CPC？CTR？CVR？是否有变动？ | I2: 下一步计划 (根据变动原因需要做出的对应动作，以及需要什么支持？比如cap超跑需要帮助check是否有bug，需要check事件表现，需要新素材，需要提价&加预算等等)
A3: 7815836 | B3: com.kwai.bulldog | C3: MTG | D3: ID | E3: =SUMIFS('平台消耗统计'!I:I,'平台消耗统计'!A:A,$E$2,'平台消耗统计'!C:C,A3) -> 2308.63 | F3: =VLOOKUP(A3,'数据透视表'!J:N,5,FALSE) -> 2711.24 | G3: =IFERROR((E3-F3)/F3,0) -> -0.14849663 | H3: 8.31排了很多的无效子渠道导致曝光点击量都下滑很多掉量但cvr ivr都有上涨很多了 最近两天转化量也在慢慢恢复 | I3: 继续观察 然后压价
A4: 5464039 | B4: com.king.candycrushsaga | C4: MTG | D4: MY | E4: =SUMIFS('平台消耗统计'!I:I,'平台消耗统计'!A:A,$E$2,'平台消耗统计'!C:C,A4) -> 2285.57 | F4: =VLOOKUP(A4,'数据透视表'!J:N,5,FALSE) -> 2521.29 | G4: =IFERROR((E4-F4)/F4,0) -> -0.093491824 | H4: 尝试降价后掉量 | I4: 加点价观察
A5: 5497580 | B5: com.king.candycrushsaga | C5: MTG | D5: TH | E5: =SUMIFS('平台消耗统计'!I:I,'平台消耗统计'!A:A,$E$2,'平台消耗统计'!C:C,A5) -> 2143.948 | F5: =VLOOKUP(A5,'数据透视表'!J:N,5,FALSE) -> 2182.83 | G5: =IFERROR((E5-F5)/F5,0) -> -0.017812656 | H5: 正常差值，每天跑满。 | I5: 稳定流量，定期优化没用的子渠道
A6: 8628042 | B6: asrtum.ent.domovyata | C6: Mediago | D6: RU | E6: =SUMIFS('平台消耗统计'!I:I,'平台消耗统计'!A:A,$E$2,'平台消耗统计'!C:C,A6) -> 2123.53 | F6: =VLOOKUP(A6,'数据透视表'!J:N,5,FALSE) -> 622.39 | G6: =IFERROR((E6-F6)/F6,0) -> 2.4118961 | H6: week35一直没量提价到了1，然后9.1突然出量但成本涨了很多后续量也比较稳定成本也在慢慢下压 | I6: 继续压价
A7: 8291713 | B7: ru.kinopoisk | C7: MTG | D7: RU | E7: =SUMIFS('平台消耗统计'!I:I,'平台消耗统计'!A:A,$E$2,'平台消耗统计'!C:C,A7) -> 1468.57 | F7: =VLOOKUP(A7,'数据透视表'!J:N,5,FALSE) -> 1395.8 | G7: =IFERROR((E7-F7)/F7,0) -> 0.052134976 | H7: week36每日都打满了cap，比week35多了些转化量 | I7: 继续保持打满cap的同时稍微控制下成本，降一丢丢价
A8: 5963354 | B8: ru.ozon.app.android | C8: MTG | D8: KZ | E8: =SUMIFS('平台消耗统计'!I:I,'平台消耗统计'!A:A,$E$2,'平台消耗统计'!C:C,A8) -> 1396.642 | F8: =VLOOKUP(A8,'数据透视表'!J:N,5,FALSE) -> 1159.41 | G8: =IFERROR((E8-F8)/F8,0) -> 0.20461442 | H8: week36出量比week35多了一些 | I8: 稍微控一下价格，往给的price靠
A9: 10912510 | B9: com.amazon.mShop.android.shopping | C9: Kwai | D9: BR | E9: =SUMIFS('平台消耗统计'!I:I,'平台消耗统计'!A:A,$E$2,'平台消耗统计'!C:C,A9) -> 1259.13 | F9: =VLOOKUP(A9,'数据透视表'!J:N,5,FALSE) -> 498.08 | G9: =IFERROR((E9-F9)/F9,0) -> 1.5279674 | H9: 9月2日cap500加到1000，9月3日cap加到1500，目前稳定在1000以上，但跑不满1500 | I9: 持续更新素材
A10: 2732727 | B10: com.amazon.mShop.android.shopping | C10: MTG | D10: SA | E10: =SUMIFS('平台消耗统计'!I:I,'平台消耗统计'!A:A,$E$2,'平台消耗统计'!C:C,A10) -> 1000.725 | F10: =VLOOKUP(A10,'数据透视表'!J:N,5,FALSE) -> 1013.9 | G10: =IFERROR((E10-F10)/F10,0) -> -0.012994378 | H10: 新开系列，更换素材，转化量都不涨 | I10: 继续更新素材和新建系列
A11: 8460883 | B11: com.king.candycrushsodasaga | C11: MTG | D11: BR | E11: =SUMIFS('平台消耗统计'!I:I,'平台消耗统计'!A:A,$E$2,'平台消耗统计'!C:C,A11) -> 988.918 | F11: =VLOOKUP(A11,'数据透视表'!J:N,5,FALSE) -> 1214.332 | G11: =IFERROR((E11-F11)/F11,0) -> -0.18562798 | H11: 9.4日转化突然掉到100，直接掉了90%，第二天回到1000+的转化，新素材表现不佳，准备重新在做素材 | I11: 重新上素材
A12: 6951594 | B12: com.king.candycrushsodasaga | C12: MTG | D12: DE | E12: =SUMIFS('平台消耗统计'!I:I,'平台消耗统计'!A:A,$E$2,'平台消耗统计'!C:C,A12) -> 950.85 | F12: =VLOOKUP(A12,'数据透视表'!J:N,5,FALSE) -> 1145.725 | G12: =IFERROR((E12-F12)/F12,0) -> -0.17008881 | H12: 也是9.4日突然掉量，后续只能维持在200左右的转化量级 | I12: 新素材表现不佳，继续更新素材
A13: 6607117 | B13: ru.aliexpress.buyer | C13: MTG | D13: RU | E13: =SUMIFS('平台消耗统计'!I:I,'平台消耗统计'!A:A,$E$2,'平台消耗统计'!C:C,A13) -> 927.809 | F13: =VLOOKUP(A13,'数据透视表'!J:N,5,FALSE) -> 1374.971 | G13: =IFERROR((E13-F13)/F13,0) -> -0.32521559 | H13: 前期跑的有点超，预算控制下来了。 | I13: 定期更新素材，量保持稳住
A14: 5963400 | B14: ru.ozon.app.android | C14: MTG | D14: UZ | E14: =SUMIFS('平台消耗统计'!I:I,'平台消耗统计'!A:A,$E$2,'平台消耗统计'!C:C,A14) -> 793.15 | F14: =VLOOKUP(A14,'数据透视表'!J:N,5,FALSE) -> 495.22 | G14: =IFERROR((E14-F14)/F14,0) -> 0.60161141 | H14: week36转化量比week35大幅提升，9/7 cap 300→100 出价0.4→0.2 | I14: 按新出价打满cap
... A18: 10813123 | B18: com.amazon.mShop.android.shopping | C18: Bigo | D18: BR | E18: =SUMIFS('平台消耗统计'!I:I,'平台消耗统计'!A:A,$E$2,'平台消耗统计'!C:C,A18) -> 546.1175 | F18: =VLOOKUP(A18,'数据透视表'!J:N,5,FALSE) -> 95.0468 | G18: =IFERROR((E18-F18)/F18,0) -> 4.7457747 | H18: 目前每日都在更新素材，但表现不佳，曝光点击事件率都在降，量级目前只能维持在200左右 | I18: 持续更新素材
A19: 11892329 | B19: com.amazon.mShop.android.shopping | C19: MTG | D19: BR | E19: =SUMIFS('平台消耗统计'!I:I,'平台消耗统计'!A:A,$E$2,'平台消耗统计'!C:C,A19) -> 521.5 | F19: =IFERROR(VLOOKUP(A19,'数据透视表'!J:N,5,FALSE),0) -> 0 | G19: =IFERROR((E19-F19)/F19,0) -> 0 | H19: 9.2日开投，目前每日打满，且超跑
A20: 7872826 | B20: asrtum.ent.domovyata | C20: MTG | D20: RU | E20: =SUMIFS('平台消耗统计'!I:I,'平台消耗统计'!A:A,$E$2,'平台消耗统计'!C:C,A20) -> 490.654 | F20: =IFERROR(VLOOKUP(A20,'数据透视表'!J:N,5,FALSE),0) -> 530.599 | G20: =IFERROR((E20-F20)/F20,0) -> -0.075282841 | H20: 9.4日cap400降到200后，每日打不满，目前在调整 | I20: 持续更新素材
A21: 1745925 | B21: tech.jm | C21: MTG | D21: RU | E21: =SUMIFS('平台消耗统计'!I:I,'平台消耗统计'!A:A,$E$2,'平台消耗统计'!C:C,A21) -> 477.6 | F21: =IFERROR(VLOOKUP(A21,'数据透视表'!J:N,5,FALSE),0) -> 248.1 | G21: =IFERROR((E21-F21)/F21,0) -> 0.92503023 | H21: 每日基本打满500cap | I21: 继续保持打满cap
A22: 6395488 | B22: com.edadeal.android | C22: MTG | D22: RU | E22: =SUMIFS('平台消耗统计'!I:I,'平台消耗统计'!A:A,$E$2,'平台消耗统计'!C:C,A22) -> 420 | F22: =IFERROR(VLOOKUP(A22,'数据透视表'!J:N,5,FALSE),0) -> 420 | G22: =IFERROR((E22-F22)/F22,0) -> 0 | H22: 稳定订单，每日打满cap | I22: 继续保持打满cap
A23: 7202934 | B23: com.fxpro.direct.application | C23: MTG | D23: PK | E23: =SUMIFS('平台消耗统计'!I:I,'平台消耗统计'!A:A,$E$2,'平台消耗统计'!C:C,A23) -> 384.41 | F23: =IFERROR(VLOOKUP(A23,'数据透视表'!J:N,5,FALSE),0) -> 498.96 | G23: =IFERROR((E23-F23)/F23,0) -> -0.22957752 | H23: 9.3日出价从0.36降到0.35后，开始掉量，打不满，可能是加个降低后，重新对渠道继续了优先级的调整 | I23: 先继续观察，观察后打不满就进行提价
A24: 6060965 | B24: ru.aliexpress.buyer | C24: MTG | D24: RU | E24: =SUMIFS('平台消耗统计'!I:I,'平台消耗统计'!A:A,$E$2,'平台消耗统计'!C:C,A24) -> 365.54 | F24: =IFERROR(VLOOKUP(A24,'数据透视表'!J:N,5,FALSE),0) -> 289.69 | G24: =IFERROR((E24-F24)/F24,0) -> 0.26183161 | H24: 人群包订单，前面有点掉量优化了素材和子渠道量上来了。 | I24: 定期更新素材，优化子渠道，量保持稳住
A25: 8094753 | B25: ru.aliexpress.buyer | C25: Mediago | D25: RU | E25: =SUMIFS('平台消耗统计'!I:I,'平台消耗统计'!A:A,$E$2,'平台消耗统计'!C:C,A25) -> 354.55 | F25: =IFERROR(VLOOKUP(A25,'数据透视表'!J:N,5,FALSE),0) -> 244.71 | G25: =IFERROR((E25-F25)/F25,0) -> 0.44885783 | H25: 前面压价跑的利润有点超然后转化没打满现在回来了转化跑满。正常差值 | I25: 定期更新素材量保持稳住
A26: 6425889 | B26: com.amazon.mShop.android.shopping | C26: MTG | D26: ZA | E26: =SUMIFS('平台消耗统计'!I:I,'平台消耗统计'!A:A,$E$2,'平台消耗统计'!C:C,A26) -> 344.55 | F26: =IFERROR(VLOOKUP(A26,'数据透视表'!J:N,5,FALSE),0) -> 366.55 | G26: =IFERROR((E26-F26)/F26,0) -> -0.060019097 | H26: 9.4日转化降低后，在缓慢恢复，已经更新过新的素材和新的系列 | I26: 持续更新素材
A27: 7572369 | B27: com.amazon.mShop.android.shopping | C27: MTG | D27: AE | E27: =SUMIFS('平台消耗统计'!I:I,'平台消耗统计'!A:A,$E$2,'平台消耗统计'!C:C,A27) -> 342.75 | F27: =IFERROR(VLOOKUP(A27,'数据透视表'!J:N,5,FALSE),0) -> 432.69 | G27: =IFERROR((E27-F27)/F27,0) -> -0.20786244 | H27: 9.4日转化降低后，在缓慢恢复，已经更新过新的素材和新的系列 | I27: 持续更新素材
A28: 91467820 | B28: com.vitastudio.mahjong | C28: MTG | D28: ID | E28: =SUMIFS('平台消耗统计'!I:I,'平台消耗统计'!A:A,$E$2,'平台消耗统计'!C:C,A28) -> 323.1 | F28: =IFERROR(VLOOKUP(A28,'数据透视表'!J:N,5,FALSE),0) -> 271.3 | G28: =IFERROR((E28-F28)/F28,0) -> 0.19093255 | H28: 9.3cap从600降到500后9.4继续降到200，每天都能打满cap | I28: 继续保持打满
A29: 10599681 | B29: ru.kinopoisk | C29: MTG | D29: RU | E29: =SUMIFS('平台消耗统计'!I:I,'平台消耗统计'!A:A,$E$2,'平台消耗统计'!C:C,A29) -> 313.95 | F29: =IFERROR(VLOOKUP(A29,'数据透视表'!J:N,5,FALSE),0) -> 246.74 | G29: =IFERROR((E29-F29)/F29,0) -> 0.27239199 | H29: 人群包订单，优化了一下素材上量了现在每天打满 | I29: 定期更新素材，优化子渠道，量保持稳住
A30: 91399821 | B30: ru.kinopoisk | C30: Mediago | D30: RU | E30: =SUMIFS('平台消耗统计'!I:I,'平台消耗统计'!A:A,$E$2,'平台消耗统计'!C:C,A30) -> 295.82 | F30: =IFERROR(VLOOKUP(A30,'数据透视表'!J:N,5,FALSE),0) -> 185.98 | G30: =IFERROR((E30-F30)/F30,0) -> 0.59060114 | H30: 平台流量变化 | I30: 继续观察
A31: 9297014 | B31: tech.jm | C31: Mediago | D31: RU | E31: =SUMIFS('平台消耗统计'!I:I,'平台消耗统计'!A:A,$E$2,'平台消耗统计'!C:C,A31) -> 287.49 | F31: =IFERROR(VLOOKUP(A31,'数据透视表'!J:N,5,FALSE),0) -> 241.67 | G31: =IFERROR((E31-F31)/F31,0) -> 0.18959738 | H31: 8.31-9.3每天都能打满300cap但超成本后压价到0.18，后续成本降回正常但量少了很多 | I31: 保持订单稳定
... A41: 91551388 | B41: com.netease.newspike | C41: Bigo | D41: US | E41: =SUMIFS('平台消耗统计'!I:I,'平台消耗统计'!A:A,$E$2,'平台消耗统计'!C:C,A41) -> 174.816 | F41: =IFERROR(VLOOKUP(A41,'数据透视表'!J:N,5,FALSE),0) -> 74.0133 | G41: =IFERROR((E41-F41)/F41,0) -> 1.3619539 | H41: 跑出价超了 | I41: 上些素材降价
A42: 7953512 | B42: ru.mobstudio.andgalaxy | C42: MTG | D42: RU | E42: =SUMIFS('平台消耗统计'!I:I,'平台消耗统计'!A:A,$E$2,'平台消耗统计'!C:C,A42) -> 171.82 | F42: =IFERROR(VLOOKUP(A42,'数据透视表'!J:N,5,FALSE),0) -> 239.32 | G42: =IFERROR((E42-F42)/F42,0) -> -0.28204914 | H42: 9/4暂停容易跑超事件不行。
A43: 11690182 | B43: astrum.ent.m2alyona | C43: Mediago | D43: RU | E43: =SUMIFS('平台消耗统计'!I:I,'平台消耗统计'!A:A,$E$2,'平台消耗统计'!C:C,A43) -> 151.06 | F43: =IFERROR(VLOOKUP(A43,'数据透视表'!J:N,5,FALSE),0) -> 236.8 | G43: =IFERROR((E43-F43)/F43,0) -> -0.3620777 | H43: 9.1爆了拒绝 成本也很高 am关停 | I43: 等待重启后压价
A44: 8819666 | B44: com.yandex.lavka | C44: Bigo | D44: RU | E44: =SUMIFS('平台消耗统计'!I:I,'平台消耗统计'!A:A,$E$2,'平台消耗统计'!C:C,A44) -> 138.0552 | F44: =IFERROR(VLOOKUP(A44,'数据透视表'!J:N,5,FALSE),0) -> 135.6385 | G44: =IFERROR((E44-F44)/F44,0) -> 0.017817213 | H44: 稳定订单，每日打满cap | I44: 继续保持打满
A45: 91496147 | B45: com.vitastudio.mahjong | C45: MTG | D45: BR | E45: =SUMIFS('平台消耗统计'!I:I,'平台消耗统计'!A:A,$E$2,'平台消耗统计'!C:C,A45) -> 129.35 | F45: =IFERROR(VLOOKUP(A45,'数据透视表'!J:N,5,FALSE),0) -> 105.69 | G45: =IFERROR((E45-F45)/F45,0) -> 0.22386224 | H45: week35cap提到150大部分时间都能打满 其余时间每天就差十来个 | I45: 上新素材打满订单
A46: 6439005 | B46: com.amazon.mShop.android.shopping | C46: Eagllwin | D46: ZA | E46: =SUMIFS('平台消耗统计'!I:I,'平台消耗统计'!A:A,$E$2,'平台消耗统计'!C:C,A46) -> 128.5 | F46: =IFERROR(VLOOKUP(A46,'数据透视表'!J:N,5,FALSE),0) -> 92.5 | G46: =IFERROR((E46-F46)/F46,0) -> 0.38918919 | H46: 转化9。4日后有所提升，目前只能维持在100左右 | I46: 上新素材打满订单
A47: 91550293 | B47: net.peakgames.Yuzbir | C47: MTG | D47: TR | E47: =SUMIFS('平台消耗统计'!I:I,'平台消耗统计'!A:A,$E$2,'平台消耗统计'!C:C,A47) -> 126 | F47: =IFERROR(VLOOKUP(A47,'数据透视表'!J:N,5,FALSE),0) -> 44.7 | G47: =IFERROR((E47-F47)/F47,0) -> 1.8187919 | H47: 8/26开投 | I47: /
A48: 9686529 | B48: ru.ozon.app.android | C48: MTG | D48: KG | E48: =SUMIFS('平台消耗统计'!I:I,'平台消耗统计'!A:A,$E$2,'平台消耗统计'!C:C,A48) -> 125.5 | F48: =IFERROR(VLOOKUP(A48,'数据透视表'!J:N,5,FALSE),0) -> 88.9 | G48: =IFERROR((E48-F48)/F48,0) -> 0.41169854 | H48: 曝光点击量增多，对应的转化量增多，但是CVR依旧很低0.2%左右 | I48: 正常更新一组素材，看能否稳定当前的转化量
A49: 91548043 | B49: com.king.candycrushsaga | C49: MTG | D49: FR | E49: =SUMIFS('平台消耗统计'!I:I,'平台消耗统计'!A:A,$E$2,'平台消耗统计'!C:C,A49) -> 121.8 | F49: =IFERROR(VLOOKUP(A49,'数据透视表'!J:N,5,FALSE),0) -> 72.7 | G49: =IFERROR((E49-F49)/F49,0) -> 0.67537827 | H49: 9.4日转化降低后，在缓慢恢复，已经更新过新的素材 | I49: 保持观察，目前在恢复中
A50: 91467821 | B50: com.vitastudio.mahjong | C50: MTG | D50: TH | E50: =SUMIFS('平台消耗统计'!I:I,'平台消耗统计'!A:A,$E$2,'平台消耗统计'!C:C,A50) -> 117.81 | F50: =IFERROR(VLOOKUP(A50,'数据透视表'!J:N,5,FALSE),0) -> 118.66 | G50: =IFERROR((E50-F50)/F50,0) -> -0.0071633238 | H50: 稳定订单只有一天差几个打满 | I50: 继续保持打满
A51: 9298539 | B51: com.gloriajeans.mobile | C51: MTG | D51: RU | E51: =SUMIFS('平台消耗统计'!I:I,'平台消耗统计'!A:A,$E$2,'平台消耗统计'!C:C,A51) -> 114 | F51: =IFERROR(VLOOKUP(A51,'数据透视表'!J:N,5,FALSE),0) -> 0 | G51: =IFERROR((E51-F51)/F51,0) -> 0 | H51: 9/4重启 | I51: /
A52: 91538334 | B52: cn.com.vtmarkets | C52: MTG | D52: DE | E52: =SUMIFS('平台消耗统计'!I:I,'平台消耗统计'!A:A,$E$2,'平台消耗统计'!C:C,A52) -> 103.2 | F52: =IFERROR(VLOOKUP(A52,'数据透视表'!J:N,5,FALSE),0) -> 0 | G52: =IFERROR((E52-F52)/F52,0) -> 0 | H52: 9/1加价到0.8 | I52: 继续观察
A53: 6951600 | B53: com.king.candycrushsodasaga | C53: MTG | D53: TH | E53: =SUMIFS('平台消耗统计'!I:I,'平台消耗统计'!A:A,$E$2,'平台消耗统计'!C:C,A53) -> 98.396 | F53: =IFERROR(VLOOKUP(A53,'数据透视表'!J:N,5,FALSE),0) -> 82.348 | G53: =IFERROR((E53-F53)/F53,0) -> 0.19488026 | H53: 基本每日打满
A54: 11078963 | B54: com.yandex.bank | C54: MTG | D54: RU | E54: =SUMIFS('平台消耗统计'!I:I,'平台消耗统计'!A:A,$E$2,'平台消耗统计'!C:C,A54) -> 96.4 | F54: =IFERROR(VLOOKUP(A54,'数据透视表'!J:N,5,FALSE),0) -> 58.8 | G54: =IFERROR((E54-F54)/F54,0) -> 0.63945578 | H54: 人群包订单，week36比week35出量增多，出量稳定在30左右 | I54: 继续跑
A55: 10210818 | B55: com.yandex.lavka | C55: Mediago | D55: RU | E55: =SUMIFS('平台消耗统计'!I:I,'平台消耗统计'!A:A,$E$2,'平台消耗统计'!C:C,A55) -> 95.23 | F55: =IFERROR(VLOOKUP(A55,'数据透视表'!J:N,5,FALSE),0) -> 81.96 | G55: =IFERROR((E55-F55)/F55,0) -> 0.16190825 | H55: mediago，转化不够稳定，转化量级在每日80左右 | I55: 上新素材 排除垃圾素材
A56: 5847496 | B56: com.amazon.mShop.android.shopping | C56: Bigo | D56: AE | E56: =SUMIFS('平台消耗统计'!I:I,'平台消耗统计'!A:A,$E$2,'平台消耗统计'!C:C,A56) -> 89.7474 | F56: =IFERROR(VLOOKUP(A56,'数据透视表'!J:N,5,FALSE),0) -> 80.4263 | G56: =IFERROR((E56-F56)/F56,0) -> 0.11589617 | H56: 新素材表现不佳，考虑全部关闭后，重新新建系列 | I56: 上新素材，多尝试新的素材方向
A57: 10765365 | B57: ph.com.bdo.pay | C57: MTG | D57: PH | E57: =SUMIFS('平台消耗统计'!I:I,'平台消耗统计'!A:A,$E$2,'平台消耗统计'!C:C,A57) -> 88.98 | F57: =IFERROR(VLOOKUP(A57,'数据透视表'!J:N,5,FALSE),0) -> 116.88 | G57: =IFERROR((E57-F57)/F57,0) -> -0.23870637 | H57: 9.3cap从50涨到100但出价从0.2降到了0.19已经连续两天没能打满，转化量也比week35少一百多个 | I57: 上新素材 排除垃圾渠道
A58: 2937658 | B58: com.yandex.bank | C58: MTG | D58: RU | E58: =SUMIFS('平台消耗统计'!I:I,'平台消耗统计'!A:A,$E$2,'平台消耗统计'!C:C,A58) -> 86.162 | F58: =IFERROR(VLOOKUP(A58,'数据透视表'!J:N,5,FALSE),0) -> 86.193 | G58: =IFERROR((E58-F58)/F58,0) -> -0.00035965798 | H58: 稳定订单，每日打满cap | I58: 继续保持打满cap
A59: 91534913 | B59: com.qookkagames.xczyw.gp.hk | C59: MTG | D59: HK | E59: =SUMIFS('平台消耗统计'!I:I,'平台消耗统计'!A:A,$E$2,'平台消耗统计'!C:C,A59) -> 80 | F59: =IFERROR(VLOOKUP(A59,'数据透视表'!J:N,5,FALSE),0) -> 54.55 | G59: =IFERROR((E59-F59)/F59,0) -> 0.46654445 | H59: 点击率上升 | I59: 继续观察
A60: 11729927 | B60: com.amazon.mShop.android.shopping | C60: MTG | D60: ZA | E60: =SUMIFS('平台消耗统计'!I:I,'平台消耗统计'!A:A,$E$2,'平台消耗统计'!C:C,A60) -> 74.125 | F60: =IFERROR(VLOOKUP(A60,'数据透视表'!J:N,5,FALSE),0) -> 0 | G60: =IFERROR((E60-F60)/F60,0) -> 0 | H60: 人群包订单，受人群包规模限制，不怎么有量
A61: 91532857 | B61: com.reefgames.fabletown | C61: Bigo | D61: RU | E61: =SUMIFS('平台消耗统计'!I:I,'平台消耗统计'!A:A,$E$2,'平台消耗统计'!C:C,A61) -> 72.7499 | F61: =IFERROR(VLOOKUP(A61,'数据透视表'!J:N,5,FALSE),0) -> 168.7484 | G61: =IFERROR((E61-F61)/F61,0) -> -0.56888539 | H61: 8/30降价到0.16 | I61: /
A62: 91540124 | B62: com.puzzlegames.puzzlebrickslegend | C62: Bigo | D62: US | E62: =SUMIFS('平台消耗统计'!I:I,'平台消耗统计'!A:A,$E$2,'平台消耗统计'!C:C,A62) -> 72.5207 | F62: =IFERROR(VLOOKUP(A62,'数据透视表'!J:N,5,FALSE),0) -> 44.5501 | G62: =IFERROR((E62-F62)/F62,0) -> 0.62784595 | H62: 目前转化稳定了，但是成本偏高，后续会持续更新素材，稳定成本 | I62: 正常更新素材
A63: 91555309 | B63: com.vuclip.viu | C63: MTG | D63: ID | E63: =SUMIFS('平台消耗统计'!I:I,'平台消耗统计'!A:A,$E$2,'平台消耗统计'!C:C,A63) -> 71.4 | F63: =IFERROR(VLOOKUP(A63,'数据透视表'!J:N,5,FALSE),0) -> 0 | G63: =IFERROR((E63-F63)/F63,0) -> 0 | H63: 8/31开投 | I63: /
A64: 11690183 | B64: com.uma.musicvk | C64: MTG | D64: RU | E64: =SUMIFS('平台消耗统计'!I:I,'平台消耗统计'!A:A,$E$2,'平台消耗统计'!C:C,A64) -> 70.5 | F64: =IFERROR(VLOOKUP(A64,'数据透视表'!J:N,5,FALSE),0) -> 3.2 | G64: =IFERROR((E64-F64)/F64,0) -> 21.03125 | H64: 人群包订单，8/27开跑week35这周没什么量，本周量起来了。 | I64: 优化素材子渠道争取每天打满。
A65: 6706444 | B65: ru.ozon.app.android | C65: Bigo | D65: KZ | E65: =SUMIFS('平台消耗统计'!I:I,'平台消耗统计'!A:A,$E$2,'平台消耗统计'!C:C,A65) -> 69.2401 | F65: =IFERROR(VLOOKUP(A65,'数据透视表'!J:N,5,FALSE),0) -> 54.3939 | G65: =IFERROR((E65-F65)/F65,0) -> 0.27293869 | H65: week36出量比week35多了一些 | I65: 正常更新一组素材
A66: 91548044 | B66: ru.banki.banki | C66: Bigo | D66: RU | E66: =SUMIFS('平台消耗统计'!I:I,'平台消耗统计'!A:A,$E$2,'平台消耗统计'!C:C,A66) -> 68.8089 | F66: =IFERROR(VLOOKUP(A66,'数据透视表'!J:N,5,FALSE),0) -> 282.0766 | G66: =IFERROR((E66-F66)/F66,0) -> -0.75606307 | H66: 9.1日暂停
A67: 91545519 | B67: com.vuclip.viu | C67: MTG | D67: MY | E67: =SUMIFS('平台消耗统计'!I:I,'平台消耗统计'!A:A,$E$2,'平台消耗统计'!C:C,A67) -> 66.58 | F67: =IFERROR(VLOOKUP(A67,'数据透视表'!J:N,5,FALSE),0) -> 64.92 | G67: =IFERROR((E67-F67)/F67,0) -> 0.025569932 | H67: 8/21开投 | I67: 稳定打满
A68: 8566084 | B68: com.intellihealth.truemeds | C68: MTG | D68: IN | E68: =SUMIFS('平台消耗统计'!I:I,'平台消耗统计'!A:A,$E$2,'平台消耗统计'!C:C,A68) -> 64.56 | F68: =IFERROR(VLOOKUP(A68,'数据透视表'!J:N,5,FALSE),0) -> 8.64 | G68: =IFERROR((E68-F68)/F68,0) -> 6.4722222 | H68: 出量恢复正常，9/3 起可以连续打满cap | I68: 继续保持打满cap
A69: 91410799 | B69: com.king.candycrushsaga | C69: MTG | D69: IN | E69: =SUMIFS('平台消耗统计'!I:I,'平台消耗统计'!A:A,$E$2,'平台消耗统计'!C:C,A69) -> 64.38 | F69: =IFERROR(VLOOKUP(A69,'数据透视表'!J:N,5,FALSE),0) -> 69.66 | G69: =IFERROR((E69-F69)/F69,0) -> -0.075796727 | H69: 9.4日转化降低后，在缓慢恢复，已经更新过新的素材 | I69: 优化素材子渠道争取每天打满。
A70: 5623760 | B70: com.appteka.lapy | C70: MTG | D70: RU | E70: =SUMIFS('平台消耗统计'!I:I,'平台消耗统计'!A:A,$E$2,'平台消耗统计'!C:C,A70) -> 60.25 | F70: =IFERROR(VLOOKUP(A70,'数据透视表'!J:N,5,FALSE),0) -> 57.2 | G70: =IFERROR((E70-F70)/F70,0) -> 0.053321678 | H70: 每日打满cap，9/2 出价0.2→0.15 | I70: 按新出价保持打满cap
A71: 91551606 | B71: com.ddup.zombiewaves.zw | C71: MTG | D71: US | E71: =SUMIFS('平台消耗统计'!I:I,'平台消耗统计'!A:A,$E$2,'平台消耗统计'!C:C,A71) -> 58.6 | F71: =IFERROR(VLOOKUP(A71,'数据透视表'!J:N,5,FALSE),0) -> 216 | G71: =IFERROR((E71-F71)/F71,0) -> -0.7287037 | H71: 9/2暂停 | I71: /
A72: 91496145 | B72: com.vitastudio.mahjong | C72: MTG | D72: PH | E72: =SUMIFS('平台消耗统计'!I:I,'平台消耗统计'!A:A,$E$2,'平台消耗统计'!C:C,A72) -> 52.5 | F72: =IFERROR(VLOOKUP(A72,'数据透视表'!J:N,5,FALSE),0) -> 52.35 | G72: =IFERROR((E72-F72)/F72,0) -> 0.0028653295 | H72: 稳定订单 | I72: 继续保持
A73: 91399437 | B73: com.transferwise.android | C73: MTG | D73: PH | E73: =SUMIFS('平台消耗统计'!I:I,'平台消耗统计'!A:A,$E$2,'平台消耗统计'!C:C,A73) -> 52.35 | F73: =IFERROR(VLOOKUP(A73,'数据透视表'!J:N,5,FALSE),0) -> 52.5 | G73: =IFERROR((E73-F73)/F73,0) -> -0.0028571429 | H73: 稳定订单 | I73: 继续保持
A74: 5619156 | B74: com.amazon.mShop.android.shopping | C74: Bigo | D74: SA | E74: =SUMIFS('平台消耗统计'!I:I,'平台消耗统计'!A:A,$E$2,'平台消耗统计'!C:C,A74) -> 40.6533 | F74: =IFERROR(VLOOKUP(A74,'数据透视表'!J:N,5,FALSE),0) -> 62.4714 | G74: =IFERROR((E74-F74)/F74,0) -> -0.34924942 | H74: 新素材表现不佳，考虑全部关闭后，重新新建系列 | I74: 上新素材，多尝试新的素材方向
A75: 9415350 | B75: com.notissimus.allinstruments.android | C75: Mediago | D75: RU | E75: =SUMIFS('平台消耗统计'!I:I,'平台消耗统计'!A:A,$E$2,'平台消耗统计'!C:C,A75) -> 38.25 | F75: =IFERROR(VLOOKUP(A75,'数据透视表'!J:N,5,FALSE),0) -> 21.66 | G75: =IFERROR((E75-F75)/F75,0) -> 0.76592798 | H75: 前面压价跑的利润有点超然后转化没打满现在回来了转化跑满。正常差值 | I75: 保持每天打满，定期优化素材
A76: 91407542 | B76: com.king.candycrushsaga | C76: MTG | D76: ID | E76: =SUMIFS('平台消耗统计'!I:I,'平台消耗统计'!A:A,$E$2,'平台消耗统计'!C:C,A76) -> 37.27 | F76: =IFERROR(VLOOKUP(A76,'数据透视表'!J:N,5,FALSE),0) -> 101.984 | G76: =IFERROR((E76-F76)/F76,0) -> -0.63455052 | H76: cap 1000>500，每天打满周末数据异常。现在已经正常。 | I76: 定期更新素材，优化子渠道，量保持稳住
A77: 8998645 | B77: com.king.candycrushsaga | C77: MTG | D77: TH | E77: =SUMIFS('平台消耗统计'!I:I,'平台消耗统计'!A:A,$E$2,'平台消耗统计'!C:C,A77) -> 33.768 | F77: =IFERROR(VLOOKUP(A77,'数据透视表'!J:N,5,FALSE),0) -> 50.229 | G77: =IFERROR((E77-F77)/F77,0) -> -0.32771905 | H77: CPE订单量忽高忽低不多，优化素材看看。
A78: 91552556 | B78: com.ddup.zombiewaves.zw | C78: Bigo | D78: US | E78: =SUMIFS('平台消耗统计'!I:I,'平台消耗统计'!A:A,$E$2,'平台消耗统计'!C:C,A78) -> 32.0482 | F78: =IFERROR(VLOOKUP(A78,'数据透视表'!J:N,5,FALSE),0) -> 109.9707 | G78: =IFERROR((E78-F78)/F78,0) -> -0.7085751 | H78: 9/2暂停 | I78: /
A79: 9102719 | B79: com.tencent.ig | C79: MTG | D79: EG | E79: =SUMIFS('平台消耗统计'!I:I,'平台消耗统计'!A:A,$E$2,'平台消耗统计'!C:C,A79) -> 31.823 | F79: =IFERROR(VLOOKUP(A79,'数据透视表'!J:N,5,FALSE),0) -> 31.555 | G79: =IFERROR((E79-F79)/F79,0) -> 0.0084931073 | H79: 9/4 暂停
A80: 10080665 | B80: ru.ozon.app.android | C80: MTG | D80: AM | E80: =SUMIFS('平台消耗统计'!I:I,'平台消耗统计'!A:A,$E$2,'平台消耗统计'!C:C,A80) -> 29.64 | F80: =IFERROR(VLOOKUP(A80,'数据透视表'!J:N,5,FALSE),0) -> 39.9 | G80: =IFERROR((E80-F80)/F80,0) -> -0.25714286 | H80: week36出量比week35少了一些，CVR略有降低 | I80: 正常更新一组素材
A81: 5365722 | B81: sports.caliente.mx.calientedeportes | C81: Bigo | D81: MX | E81: =SUMIFS('平台消耗统计'!I:I,'平台消耗统计'!A:A,$E$2,'平台消耗统计'!C:C,A81) -> 28.9722 | F81: =IFERROR(VLOOKUP(A81,'数据透视表'!J:N,5,FALSE),0) -> 0 | G81: =IFERROR((E81-F81)/F81,0) -> 0 | H81: 9/4 新开跑，对照组
A82: 5556054 | B82: com.krom.android | C82: MTG | D82: ID | E82: =SUMIFS('平台消耗统计'!I:I,'平台消耗统计'!A:A,$E$2,'平台消耗统计'!C:C,A82) -> 27.872 | F82: =IFERROR(VLOOKUP(A82,'数据透视表'!J:N,5,FALSE),0) -> 38.711 | G82: =IFERROR((E82-F82)/F82,0) -> -0.27999793 | H82: 每天几个转化，转化只少了一个 但是成本从1.5降到了1.1 | I82: 继续观察
A83: 91533906 | B83: com.sialiagames.xczyw.gp.tw | C83: MTG | D83: TW | E83: =SUMIFS('平台消耗统计'!I:I,'平台消耗统计'!A:A,$E$2,'平台消耗统计'!C:C,A83) -> 27 | F83: =IFERROR(VLOOKUP(A83,'数据透视表'!J:N,5,FALSE),0) -> 6 | G83: =IFERROR((E83-F83)/F83,0) -> 3.5 | H83: 9/1加价到0.8 | I83: 上新素材继续加价看看
A84: 8312006 | B84: ru.uteka.app | C84: MTG | D84: RU | E84: =SUMIFS('平台消耗统计'!I:I,'平台消耗统计'!A:A,$E$2,'平台消耗统计'!C:C,A84) -> 26.64 | F84: =IFERROR(VLOOKUP(A84,'数据透视表'!J:N,5,FALSE),0) -> 38.88 | G84: =IFERROR((E84-F84)/F84,0) -> -0.31481481 | H84: 曝光涨了但是cvr下滑很多 有五天都没打满 | I84: 排除垃圾渠道再上新素材
A85: 91399439 | B85: com.kotak811mobilebankingapp.instantsavingsupiscanandpayrecharge | C85: MTG | D85: IN | E85: =SUMIFS('平台消耗统计'!I:I,'平台消耗统计'!A:A,$E$2,'平台消耗统计'!C:C,A85) -> 23.6 | F85: =IFERROR(VLOOKUP(A85,'数据透视表'!J:N,5,FALSE),0) -> 25.1 | G85: =IFERROR((E85-F85)/F85,0) -> -0.059760956 | H85: 每天稳定的都是三十个左右转化 cvr跟之前都差不多 | I85: 持续排除无效渠道
A86: 9096620 | B86: in.startv.hotstar.dplus | C86: Mediago | D86: ID | E86: =SUMIFS('平台消耗统计'!I:I,'平台消耗统计'!A:A,$E$2,'平台消耗统计'!C:C,A86) -> 21.71 | F86: =IFERROR(VLOOKUP(A86,'数据透视表'!J:N,5,FALSE),0) -> 117.57 | G86: =IFERROR((E86-F86)/F86,0) -> -0.81534405 | H86: 9.1因预算暂停
A87: 91552653 | B87: platiza.ru | C87: Bigo | D87: RU | E87: =SUMIFS('平台消耗统计'!I:I,'平台消耗统计'!A:A,$E$2,'平台消耗统计'!C:C,A87) -> 21.6821 | F87: =IFERROR(VLOOKUP(A87,'数据透视表'!J:N,5,FALSE),0) -> 39.5898 | G87: =IFERROR((E87-F87)/F87,0) -> -0.45233116 | H87: 9.1暂停
A88: 7203110 | B88: com.fxpro.direct.application | C88: MTG | D88: SY | E88: =SUMIFS('平台消耗统计'!I:I,'平台消耗统计'!A:A,$E$2,'平台消耗统计'!C:C,A88) -> 21.3 | F88: =IFERROR(VLOOKUP(A88,'数据透视表'!J:N,5,FALSE),0) -> 39.6 | G88: =IFERROR((E88-F88)/F88,0) -> -0.46212121 | H88: 出量靠随机，没有价格可以提升了 | I88: 继续观察
A89: 9311355 | B89: com.esprit.rpg.cntrctfft | C89: MTG | D89: RU | E89: =SUMIFS('平台消耗统计'!I:I,'平台消耗统计'!A:A,$E$2,'平台消耗统计'!C:C,A89) -> 21 | F89: =IFERROR(VLOOKUP(A89,'数据透视表'!J:N,5,FALSE),0) -> 36.15 | G89: =IFERROR((E89-F89)/F89,0) -> -0.41908714 | H89: 8.25cap降到20，出价降到0.15，每天跑满。 | I89: 继续观察
A90: 91554851 | B90: com.vuclip.viu | C90: Mediago | D90: ID | E90: =SUMIFS('平台消耗统计'!I:I,'平台消耗统计'!A:A,$E$2,'平台消耗统计'!C:C,A90) -> 20.43 | F90: =IFERROR(VLOOKUP(A90,'数据透视表'!J:N,5,FALSE),0) -> 72.91 | G90: =IFERROR((E90-F90)/F90,0) -> -0.71979152 | H90: 8/31暂停 | I90: /
A91: 9751142 | B91: com.alibaba.aliexpresshd | C91: Kwai | D91: BR | E91: =SUMIFS('平台消耗统计'!I:I,'平台消耗统计'!A:A,$E$2,'平台消耗统计'!C:C,A91) -> 17.89 | F91: =IFERROR(VLOOKUP(A91,'数据透视表'!J:N,5,FALSE),0) -> 6.64 | G91: =IFERROR((E91-F91)/F91,0) -> 1.6942771 | H91: 上新素材后曝光会上涨一些出点转化但是成本依旧很高压不下来了 感觉跑就是亏跟am沟通暂停回复先继续测试 | I91: 继续观察
A92: 91550294 | B92: com.okinc.okex.gp | C92: MTG | D92: US | E92: =SUMIFS('平台消耗统计'!I:I,'平台消耗统计'!A:A,$E$2,'平台消耗统计'!C:C,A92) -> 17.6 | F92: =IFERROR(VLOOKUP(A92,'数据透视表'!J:N,5,FALSE),0) -> 15.2 | G92: =IFERROR((E92-F92)/F92,0) -> 0.15789474 | H92: 8/26开投 | I92: /
A93: 11924259 | B93: blibli.mobile.commerce | C93: MTG | D93: ID | E93: =SUMIFS('平台消耗统计'!I:I,'平台消耗统计'!A:A,$E$2,'平台消耗统计'!C:C,A93) -> 16.44 | F93: =IFERROR(VLOOKUP(A93,'数据透视表'!J:N,5,FALSE),0) -> 0 | G93: =IFERROR((E93-F93)/F93,0) -> 0 | H93: 9.4新开订单 目前每天转化都在上涨 还没打满 | I93: 继续观察
A94: 91551415 | B94: com.ddup.zombiewaves.zw | C94: Eagllwin | D94: US | E94: =SUMIFS('平台消耗统计'!I:I,'平台消耗统计'!A:A,$E$2,'平台消耗统计'!C:C,A94) -> 16 | F94: =IFERROR(VLOOKUP(A94,'数据透视表'!J:N,5,FALSE),0) -> 14 | G94: =IFERROR((E94-F94)/F94,0) -> 0.14285714 | H94: 9/2暂停 | I94: /
A95: 8531973 | B95: com.king.candycrushsodasaga | C95: Mediago | D95: DE | E95: =SUMIFS('平台消耗统计'!I:I,'平台消耗统计'!A:A,$E$2,'平台消耗统计'!C:C,A95) -> 14.87 | F95: =IFERROR(VLOOKUP(A95,'数据透视表'!J:N,5,FALSE),0) -> 6.49 | G95: =IFERROR((E95-F95)/F95,0) -> 1.2912173 | H95: 已经提价到1块，但是还是没量 | I95: 继续更新素材和提价
A96: 8942077 | B96: com.wings.bene.ph | C96: MTG | D96: PH | E96: =SUMIFS('平台消耗统计'!I:I,'平台消耗统计'!A:A,$E$2,'平台消耗统计'!C:C,A96) -> 13.8 | F96: =IFERROR(VLOOKUP(A96,'数据透视表'!J:N,5,FALSE),0) -> 22.2 | G96: =IFERROR((E96-F96)/F96,0) -> -0.37837838 | H96: 9/4 已暂停
A97: 91556262 | B97: ru.dublgis.dgismobile | C97: MTG | D97: RU | E97: =SUMIFS('平台消耗统计'!I:I,'平台消耗统计'!A:A,$E$2,'平台消耗统计'!C:C,A97) -> 11.25 | F97: =IFERROR(VLOOKUP(A97,'数据透视表'!J:N,5,FALSE),0) -> 0 | G97: =IFERROR((E97-F97)/F97,0) -> 0 | H97: 9/4暂停 | I97: /
A98: 8670368 | B98: com.king.candycrushsodasaga | C98: Kwai | D98: BR | E98: =SUMIFS('平台消耗统计'!I:I,'平台消耗统计'!A:A,$E$2,'平台消耗统计'!C:C,A98) -> 8.89 | F98: =IFERROR(VLOOKUP(A98,'数据透视表'!J:N,5,FALSE),0) -> 3.67 | G98: =IFERROR((E98-F98)/F98,0) -> 1.4223433 | H98: 之前降价后量在缓慢上升到固定区间，这个价格没什么量 | I98: 继续观察
A99: 91554852 | B99: com.vuclip.viu | C99: Bigo | D99: ID | E99: =SUMIFS('平台消耗统计'!I:I,'平台消耗统计'!A:A,$E$2,'平台消耗统计'!C:C,A99) -> 8.5215 | F99: =IFERROR(VLOOKUP(A99,'数据透视表'!J:N,5,FALSE),0) -> 26.8419 | G99: =IFERROR((E99-F99)/F99,0) -> -0.68252993 | H99: 8/31开投 | I99: /
A100: 10501490 | B100: tech.jm | C100: MTG | D100: RU | E100: =SUMIFS('平台消耗统计'!I:I,'平台消耗统计'!A:A,$E$2,'平台消耗统计'!C:C,A100) -> 8.06 | F100: =IFERROR(VLOOKUP(A100,'数据透视表'!J:N,5,FALSE),0) -> 11.7 | G100: =IFERROR((E100-F100)/F100,0) -> -0.31111111 | H100: 人群包订单，受人群包规模限制，不怎么有量
A101: 10815258 | B101: com.kubi.kucoin | C101: MTG | D101: RU | E101: =SUMIFS('平台消耗统计'!I:I,'平台消耗统计'!A:A,$E$2,'平台消耗统计'!C:C,A101) -> 7.917 | F101: =IFERROR(VLOOKUP(A101,'数据透视表'!J:N,5,FALSE),0) -> 2.233 | G101: =IFERROR((E101-F101)/F101,0) -> 2.5454545 | H101: 正常差值，提了子渠道的价格和优化的素材量起不来。持续观察看看
A102: 91538336 | B102: cn.com.vtmarkets | C102: MTG | D102: FR | E102: =SUMIFS('平台消耗统计'!I:I,'平台消耗统计'!A:A,$E$2,'平台消耗统计'!C:C,A102) -> 7.2 | F102: =IFERROR(VLOOKUP(A102,'数据透视表'!J:N,5,FALSE),0) -> 0.8 | G102: =IFERROR((E102-F102)/F102,0) -> 8 | H102: 9/1加价到0.8 | I102: 继续更新素材和提价
A103: 91557160 | B103: shorts.drama.video | C103: MTG | D103: BR | E103: =SUMIFS('平台消耗统计'!I:I,'平台消耗统计'!A:A,$E$2,'平台消耗统计'!C:C,A103) -> 7.2 | F103: =IFERROR(VLOOKUP(A103,'数据透视表'!J:N,5,FALSE),0) -> 0 | G103: =IFERROR((E103-F103)/F103,0) -> 0 | H103: 突然没量了 | I103: 问一下AM是否暂停
A104: 91554853 | B104: com.vuclip.viu | C104: Eagllwin | D104: ID | E104: =SUMIFS('平台消耗统计'!I:I,'平台消耗统计'!A:A,$E$2,'平台消耗统计'!C:C,A104) -> 6.902 | F104: =IFERROR(VLOOKUP(A104,'数据透视表'!J:N,5,FALSE),0) -> 0 | G104: =IFERROR((E104-F104)/F104,0) -> 0 | H104: 8/31暂停 | I104: /
A105: 91538301 | B105: com.vitastudio.mahjong | C105: MTG | D105: RU | E105: =SUMIFS('平台消耗统计'!I:I,'平台消耗统计'!A:A,$E$2,'平台消耗统计'!C:C,A105) -> 6.82 | F105: =IFERROR(VLOOKUP(A105,'数据透视表'!J:N,5,FALSE),0) -> 4.62 | G105: =IFERROR((E105-F105)/F105,0) -> 0.47619048 | H105: 人群包订单，受人群包规模限制，不怎么有量 | I105: 继续跑
A106: 91557333 | B106: ru.bkfon | C106: Bigo | D106: RU | E106: =SUMIFS('平台消耗统计'!I:I,'平台消耗统计'!A:A,$E$2,'平台消耗统计'!C:C,A106) -> 6.804 | F106: =IFERROR(VLOOKUP(A106,'数据透视表'!J:N,5,FALSE),0) -> 0 | G106: =IFERROR((E106-F106)/F106,0) -> 0 | H106: 09月03日开投，没有落地页，没有转化
A107: 6061077 | B107: ru.aliexpress.buyer | C107: MTG | D107: RU | E107: =SUMIFS('平台消耗统计'!I:I,'平台消耗统计'!A:A,$E$2,'平台消耗统计'!C:C,A107) -> 6.731 | F107: =IFERROR(VLOOKUP(A107,'数据透视表'!J:N,5,FALSE),0) -> 44.909 | G107: =IFERROR((E107-F107)/F107,0) -> -0.85011913 | H107: cpe订单，量降下来了前面成本超的有点多。 | I107: 上新的素材跑
A108: 91528810 | B108: daily.number.match.free.puzzle | C108: MTG | D108: RU | E108: =SUMIFS('平台消耗统计'!I:I,'平台消耗统计'!A:A,$E$2,'平台消耗统计'!C:C,A108) -> 6.2 | F108: =IFERROR(VLOOKUP(A108,'数据透视表'!J:N,5,FALSE),0) -> 25.6 | G108: =IFERROR((E108-F108)/F108,0) -> -0.7578125 | H108: 已经连续几天不出量了，9/7 已暂停
A109: 11924419 | B109: blibli.mobile.commerce | C109: Mediago | D109: ID | E109: =SUMIFS('平台消耗统计'!I:I,'平台消耗统计'!A:A,$E$2,'平台消耗统计'!C:C,A109) -> 6.16 | F109: =IFERROR(VLOOKUP(A109,'数据透视表'!J:N,5,FALSE),0) -> 0 | G109: =IFERROR((E109-F109)/F109,0) -> 0 | H109: 9.4新开订单 目前每天都只能转化三十个左右但成本很低 | I109: 先观察几天然后根据成本看能否提价拿多点量
A110: 91557161 | B110: ru.betboom.android | C110: Bigo | D110: RU | E110: =SUMIFS('平台消耗统计'!I:I,'平台消耗统计'!A:A,$E$2,'平台消耗统计'!C:C,A110) -> 5.7254 | F110: =IFERROR(VLOOKUP(A110,'数据透视表'!J:N,5,FALSE),0) -> 0 | G110: =IFERROR((E110-F110)/F110,0) -> 0 | H110: 09月03日开投，没有落地页，没有转化
A111: 11324493 | B111: com.king.candycrushsaga | C111: MTG | D111: TH | E111: =SUMIFS('平台消耗统计'!I:I,'平台消耗统计'!A:A,$E$2,'平台消耗统计'!C:C,A111) -> 5.18 | F111: =IFERROR(VLOOKUP(A111,'数据透视表'!J:N,5,FALSE),0) -> 4.2 | G111: =IFERROR((E111-F111)/F111,0) -> 0.23333333 | H111: 人群包订单，受人群包规模限制，不怎么有量 | I111: 优化子渠道和素材看看
A112: 91557162 | B112: com.olimpbk.app.bet | C112: Bigo | D112: RU | E112: =SUMIFS('平台消耗统计'!I:I,'平台消耗统计'!A:A,$E$2,'平台消耗统计'!C:C,A112) -> 5.0506 | F112: =IFERROR(VLOOKUP(A112,'数据透视表'!J:N,5,FALSE),0) -> 0 | G112: =IFERROR((E112-F112)/F112,0) -> 0 | H112: 09月03日开投，没有落地页，没有转化
...
